Workbook

Sheet Janvier
A2: SUIVIE CLIENT 2016
A5: MOIS | B5: Nombres | C5: DATE | D5: N° CLIENT | E5: N° BC | F5: NOM | G5: PRENOM | H5: VTC | I5: ORIGINE | J5: DATE DE LIVRAISON | K5: RDV METRAGE | L5: PIT | M5: TYPE DE TRAVAUX | N5: SURFACE | O5: LA DATE DU COMMISSION DES VTC | P5: MONTANT DOSSIER ANNULER | Q5: VALEUR TVA | R5: MONTANT TTC | S5: MONTANT TVA | T5: MONTANT HT | U5: 1er Acompte | W5: VERSEMENT A LA LIVRAISON | Y5: SOLDE FIN DE TRAVAUX | AA5: TOTAL PAYER | AB5: RESTE A VERSER | AC5: MONTANT DOSSIER POSE | AD5: DATE COURRIER ANNULATION | AE5: DATE COURRIER FACTURES | AF5: DATE COURRIER DIVERS | AG5: OBSERVATIONS
A6: JANVIER | B6: 1 | D6: PA0 | I6: RP / TM | L6: =C6+15 -> 15 | N6: 00m₂ | P6: 0 | Q6: 0.1 | R6: 0 | S6: =R6-T6 -> 0 | T6: =R6/1.1 -> 0 | U6: =R6*0.4 -> 0 | W6: =R6*0.5 -> 0 | Y6: =R6*0.1 -> 0 | AA6: 0 | AB6: =R6-AA6 -> 0 | AC6: 0
B7: 2 | D7: PA0 | I7: RP / TM | L7: =C7+15 -> 15 | N7: 00m₂ | P7: 0 | Q7: 0.1 | R7: 0 | S7: =R7-T7 -> 0 | T7: =R7/1.1 -> 0 | U7: =R7*0.4 -> 0 | W7: =R7*0.5 -> 0 | Y7: =R7*0.1 -> 0 | AA7: 0 | AB7: =R7-AA7 -> 0 | AC7: 0
B8: 3 | D8: PA0 | I8: RP / TM | L8: =C8+15 -> 15 | N8: 00m₂ | P8: 0 | Q8: 0.1 | R8: 0 | S8: =R8-T8 -> 0 | T8: =R8/1.1 -> 0 | U8: =R8*0.4 -> 0 | W8: =R8*0.5 -> 0 | Y8: =R8*0.1 -> 0 | AA8: 0 | AB8: =R8-AA8 -> 0 | AC8: 0
B9: 4 | D9: PA0 | I9: RP / TM | L9: =C9+15 -> 15 | N9: 00m₂ | P9: 0 | Q9: 0.1 | R9: 0 | S9: =R9-T9 -> 0 | T9: =R9/1.1 -> 0 | U9: =R9*0.4 -> 0 | W9: =R9*0.5 -> 0 | Y9: =R9*0.1 -> 0 | AA9: 0 | AB9: =R9-AA9 -> 0 | AC9: 0
B10: 5 | D10: PA0 | I10: RP / TM | L10: =C10+15 -> 15 | N10: 00m₂ | P10: 0 | Q10: 0.1 | R10: 0 | S10: =R10-T10 -> 0 | T10: =R10/1.1 -> 0 | U10: =R10*0.4 -> 0 | W10: =R10*0.5 -> 0 | Y10: =R10*0.1 -> 0 | AA10: 0 | AB10: =R10-AA10 -> 0 | AC10: 0
B11: 6 | D11: PA0 | I11: RP / TM | L11: =C11+15 -> 15 | N11: 00m₂ | P11: 0 | Q11: 0.1 | R11: 0 | S11: =R11-T11 -> 0 | T11: =R11/1.1 -> 0 | U11: =R11*0.4 -> 0 | W11: =R11*0.5 -> 0 | Y11: =R11*0.1 -> 0 | AA11: 0 | AB11: =R11-AA11 -> 0 | AC11: 0
B12: 7 | D12: PA0 | I12: RP / TM | L12: =C12+15 -> 15 | N12: 00m₂ | P12: 0 | Q12: 0.1 | R12: 0 | S12: =R12-T12 -> 0 | T12: =R12/1.1 -> 0 | U12: =R12*0.4 -> 0 | W12: =R12*0.5 -> 0 | Y12: =R12*0.1 -> 0 | AA12: 0 | AB12: =R12-AA12 -> 0 | AC12: 0
B13: 8 | D13: PA0 | I13: RP / TM | L13: =C13+15 -> 15 | N13: 00m₂ | P13: 0 | Q13: 0.1 | R13: 0 | S13: =R13-T13 -> 0 | T13: =R13/1.1 -> 0 | U13: =R13*0.4 -> 0 | W13: =R13*0.5 -> 0 | Y13: =R13*0.1 -> 0 | AA13: 0 | AB13: =R13-AA13 -> 0 | AC13: 0
B14: 9 | D14: PA0 | I14: RP / TM | L14: =C14+15 -> 15 | N14: 00m₂ | P14: 0 | Q14: 0.1 | R14: 0 | S14: =R14-T14 -> 0 | T14: =R14/1.1 -> 0 | U14: =R14*0.4 -> 0 | W14: =R14*0.5 -> 0 | Y14: =R14*0.1 -> 0 | AA14: 0 | AB14: =R14-AA14 -> 0 | AC14: 0
B15: 10 | D15: PA0 | I15: RP / TM | L15: =C15+15 -> 15 | N15: 00m₂ | P15: 0 | Q15: 0.1 | R15: 0 | S15: =R15-T15 -> 0 | T15: =R15/1.1 -> 0 | U15: =R15*0.4 -> 0 | W15: =R15*0.5 -> 0 | Y15: =R15*0.1 -> 0 | AA15: 0 | AB15: =R15-AA15 -> 0 | AC15: 0
B16: 11 | D16: PA0 | I16: RP / TM | L16: =C16+15 -> 15 | N16: 00m₂ | P16: 0 | Q16: 0.1 | R16: 0 | S16: =R16-T16 -> 0 | T16: =R16/1.1 -> 0 | U16: =R16*0.4 -> 0 | W16: =R16*0.5 -> 0 | Y16: =R16*0.1 -> 0 | AA16: 0 | AB16: =R16-AA16 -> 0 | AC16: 0
B17: 12 | D17: PA0 | I17: RP / TM | L17: =C17+15 -> 15 | N17: 00m₂ | P17: 0 | Q17: 0.1 | R17: 0 | S17: =R17-T17 -> 0 | T17: =R17/1.1 -> 0 | U17: =R17*0.4 -> 0 | W17: =R17*0.5 -> 0 | Y17: =R17*0.1 -> 0 | AA17: 0 | AB17: =R17-AA17 -> 0 | AC17: 0
B18: 13 | D18: PA0 | I18: RP / TM | L18: =C18+15 -> 15 | N18: 00m₂ | P18: 0 | Q18: 0.1 | R18: 0 | S18: =R18-T18 -> 0 | T18: =R18/1.1 -> 0 | U18: =R18*0.4 -> 0 | W18: =R18*0.5 -> 0 | Y18: =R18*0.1 -> 0 | AA18: 0 | AB18: =R18-AA18 -> 0 | AC18: 0
... B35: 30 | D35: PA0 | I35: RP / TM | L35: =C35+15 -> 15 | N35: 00m₂ | P35: 0 | Q35: 0.1 | R35: 0 | S35: =R35-T35 -> 0 | T35: =R35/1.1 -> 0 | U35: =R35*0.4 -> 0 | W35: =R35*0.5 -> 0 | Y35: =R35*0.1 -> 0 | AA35: 0 | AB35: =R35-AA35 -> 0 | AC35: 0
P36: =SUM(P6:P35) -> 0 | R36: =SUM(R6:R35) -> 0 | S36: =SUM(S6:S35) -> 0 | T36: =SUM(T6:T35) -> 0 | U36: =SUM(U6:U35) -> 0 | W36: =SUM(W6:W35) -> 0 | Y36: =SUM(Y6:Y35) -> 0 | AA36: =SUM(AA6:AA35) -> 0 | AB36: =SUM(AB6:AB35) -> 0 | AC36: =SUM(AC6:AC35) -> 0
B37: DOSSIER EN COURS | D37: 0 | E37: =R6+R7 -> 0 | G37: TOTAL AVEC ANNULATION | I37: =E41-E40 -> 0
B38: DOSSIER EN PAUSE | D38: 0 | E38: 0
B39: DOSSIER REALISES | D39: 0 | E39: =AC36 -> 0
B40: DOSSIER ANNULE | D40: 0 | E40: =P36 -> 0
B41: TOTAL | D41: =D37+D38+D39+D40 -> 0 | E41: =R36 -> 0
B43: MONTANT TVA | D43: =S36 -> 0
B45: TYPE DE TRAVAUX | D45: NOMBRE DE VENTES
B46: Peinture | D46: =COUNTIF(M6:M35,"Peinture") -> 0
B47: Electricité | D47: =COUNTIF(M6:M35,"Electricite") -> 0
B48: Stores | D48: =COUNTIF(M6:M35,"Store") -> 0
B49: Menuiserie | D49: =COUNTIF(M6:M35,"Menuiserie") -> 0
B50: Cabine de douche | D50: =COUNTIF(M10:M39,"douche") -> 0
B51: Plomberie | D51: =COUNTIF(M6:M35,"Plomberie") -> 0
B52: Maçonnerie | D52: =COUNTIF(M6:M35,"Maçonnerie") -> 0
B53: Fenêtres | D53: =COUNTIF(M6:M35,"fenetre") -> 0
B54: Volets | D54: =COUNTIF(M6:M35,"Volets") -> 0
B55: Alarme | D55: =COUNTIF(M6:M35,"Alarme") -> 0
B56: Revêtement de sol | D56: =COUNTIF(M6:M35,"sol") -> 0

Sheet Fevrier
A2: SUIVIE CLIENT 2016
A5: MOIS | B5: Nombres | C5: DATE | D5: N° CLIENT | E5: N° BC | F5: NOM | G5: PRENOM | H5: VTC | I5: ORIGINE | J5: DATE DE LIVRAISON | K5: RDV METRAGE | L5: PIT | M5: TYPE DE TRAVAUX | N5: SURFACE | O5: LA DATE DU COMMISSION DES VTC | P5: MONTANT DOSSIER ANNULER | Q5: VALEUR TVA | R5: MONTANT TTC | S5: MONTANT TVA | T5: MONTANT HT | U5: 1er Acompte | W5: VERSEMENT A LA LIVRAISON | Y5: SOLDE FIN DE TRAVAUX | AA5: TOTAL PAYER | AB5: RESTE A VERSER | AC5: MONTANT DOSSIER POSE | AD5: DATE COURRIER ANNULATION | AE5: DATE COURRIER FACTURES | AF5: DATE COURRIER DIVERS | AG5: OBSERVATIONS
A6: FEVRIER | B6: 1 | D6: PA0 | I6: RP / TM | L6: =C6+15 -> 15 | N6: 00m₂ | P6: 0 | Q6: 0.1 | R6: 0 | S6: =R6-T6 -> 0 | T6: =R6/1.1 -> 0 | U6: =R6*0.4 -> 0 | W6: =R6*0.5 -> 0 | Y6: =R6*0.1 -> 0 | AA6: 0 | AB6: =R6-AA6 -> 0 | AC6: 0
B7: 2 | D7: PA0 | I7: RP / TM | L7: =C7+15 -> 15 | N7: 00m₂ | P7: 0 | Q7: 0.1 | R7: 0 | S7: =R7-T7 -> 0 | T7: =R7/1.1 -> 0 | U7: =R7*0.4 -> 0 | W7: =R7*0.5 -> 0 | Y7: =R7*0.1 -> 0 | AA7: 0 | AB7: =R7-AA7 -> 0 | AC7: 0
B8: 3 | D8: PA0 | I8: RP / TM | L8: =C8+15 -> 15 | N8: 00m₂ | P8: 0 | Q8: 0.1 | R8: 0 | S8: =R8-T8 -> 0 | T8: =R8/1.1 -> 0 | U8: =R8*0.4 -> 0 | W8: =R8*0.5 -> 0 | Y8: =R8*0.1 -> 0 | AA8: 0 | AB8: =R8-AA8 -> 0 | AC8: 0
B9: 4 | D9: PA0 | I9: RP / TM | L9: =C9+15 -> 15 | N9: 00m₂ | P9: 0 | Q9: 0.1 | R9: 0 | S9: =R9-T9 -> 0 | T9: =R9/1.1 -> 0 | U9: =R9*0.4 -> 0 | W9: =R9*0.5 -> 0 | Y9: =R9*0.1 -> 0 | AA9: 0 | AB9: =R9-AA9 -> 0 | AC9: 0
B10: 5 | D10: PA0 | I10: RP / TM | L10: =C10+15 -> 15 | N10: 00m₂ | P10: 0 | Q10: 0.1 | R10: 0 | S10: =R10-T10 -> 0 | T10: =R10/1.1 -> 0 | U10: =R10*0.4 -> 0 | W10: =R10*0.5 -> 0 | Y10: =R10*0.1 -> 0 | AA10: 0 | AB10: =R10-AA10 -> 0 | AC10: 0
B11: 6 | D11: PA0 | I11: RP / TM | L11: =C11+15 -> 15 | N11: 00m₂ | P11: 0 | Q11: 0.1 | R11: 0 | S11: =R11-T11 -> 0 | T11: =R11/1.1 -> 0 | U11: =R11*0.4 -> 0 | W11: =R11*0.5 -> 0 | Y11: =R11*0.1 -> 0 | AA11: 0 | AB11: =R11-AA11 -> 0 | AC11: 0
B12: 7 | D12: PA0 | I12: RP / TM | L12: =C12+15 -> 15 | N12: 00m₂ | P12: 0 | Q12: 0.1 | R12: 0 | S12: =R12-T12 -> 0 | T12: =R12/1.1 -> 0 | U12: =R12*0.4 -> 0 | W12: =R12*0.5 -> 0 | Y12: =R12*0.1 -> 0 | AA12: 0 | AB12: =R12-AA12 -> 0 | AC12: 0
B13: 8 | D13: PA0 | I13: RP / TM | L13: =C13+15 -> 15 | N13: 00m₂ | P13: 0 | Q13: 0.1 | R13: 0 | S13: =R13-T13 -> 0 | T13: =R13/1.1 -> 0 | U13: =R13*0.4 -> 0 | W13: =R13*0.5 -> 0 | Y13: =R13*0.1 -> 0 | AA13: 0 | AB13: =R13-AA13 -> 0 | AC13: 0
B14: 9 | D14: PA0 | I14: RP / TM | L14: =C14+15 -> 15 | N14: 00m₂ | P14: 0 | Q14: 0.1 | R14: 0 | S14: =R14-T14 -> 0 | T14: =R14/1.1 -> 0 | U14: =R14*0.4 -> 0 | W14: =R14*0.5 -> 0 | Y14: =R14*0.1 -> 0 | AA14: 0 | AB14: =R14-AA14 -> 0 | AC14: 0
B15: 10 | D15: PA0 | I15: RP / TM | L15: =C15+15 -> 15 | N15: 00m₂ | P15: 0 | Q15: 0.1 | R15: 0 | S15: =R15-T15 -> 0 | T15: =R15/1.1 -> 0 | U15: =R15*0.4 -> 0 | W15: =R15*0.5 -> 0 | Y15: =R15*0.1 -> 0 | AA15: 0 | AB15: =R15-AA15 -> 0 | AC15: 0
B16: 11 | D16: PA0 | I16: RP / TM | L16: =C16+15 -> 15 | N16: 00m₂ | P16: 0 | Q16: 0.1 | R16: 0 | S16: =R16-T16 -> 0 | T16: =R16/1.1 -> 0 | U16: =R16*0.4 -> 0 | W16: =R16*0.5 -> 0 | Y16: =R16*0.1 -> 0 | AA16: 0 | AB16: =R16-AA16 -> 0 | AC16: 0
B17: 12 | D17: PA0 | I17: RP / TM | L17: =C17+15 -> 15 | N17: 00m₂ | P17: 0 | Q17: 0.1 | R17: 0 | S17: =R17-T17 -> 0 | T17: =R17/1.1 -> 0 | U17: =R17*0.4 -> 0 | W17: =R17*0.5 -> 0 | Y17: =R17*0.1 -> 0 | AA17: 0 | AB17: =R17-AA17 -> 0 | AC17: 0
B18: 13 | D18: PA0 | I18: RP / TM | L18: =C18+15 -> 15 | N18: 00m₂ | P18: 0 | Q18: 0.1 | R18: 0 | S18: =R18-T18 -> 0 | T18: =R18/1.1 -> 0 | U18: =R18*0.4 -> 0 | W18: =R18*0.5 -> 0 | Y18: =R18*0.1 -> 0 | AA18: 0 | AB18: =R18-AA18 -> 0 | AC18: 0
... B35: 30 | D35: PA0 | I35: RP / TM | L35: =C35+15 -> 15 | N35: 00m₂ | P35: 0 | Q35: 0.1 | R35: 0 | S35: =R35-T35 -> 0 | T35: =R35/1.1 -> 0 | U35: =R35*0.4 -> 0 | W35: =R35*0.5 -> 0 | Y35: =R35*0.1 -> 0 | AA35: 0 | AB35: =R35-AA35 -> 0 | AC35: 0
P36: =SUM(P6:P35) -> 0 | R36: =SUM(R6:R35) -> 0 | S36: =SUM(S6:S35) -> 0 | T36: =SUM(T6:T35) -> 0 | U36: =SUM(U6:U35) -> 0 | W36: =SUM(W6:W35) -> 0 | Y36: =SUM(Y6:Y35) -> 0 | AA36: =SUM(AA6:AA35) -> 0 | AB36: =SUM(AB6:AB35) -> 0 | AC36: =SUM(AC6:AC35) -> 0
B37: DOSSIER EN COURS | D37: 0 | E37: =R6+R7 -> 0 | G37: TOTAL AVEC ANNULATION | I37: =E41-E40 -> 0
B38: DOSSIER EN PAUSE | D38: 0 | E38: 0
B39: DOSSIER REALISES | D39: 0 | E39: =AC36 -> 0
B40: DOSSIER ANNULE | D40: 0 | E40: =P36 -> 0
B41: TOTAL | D41: =D37+D38+D39+D40 -> 0 | E41: =R36 -> 0
B43: MONTANT TVA | D43: =S36 -> 0
B45: TYPE DE TRAVAUX | D45: NOMBRE DE VENTES
B46: Peinture | D46: =COUNTIF(M6:M35,"Peinture") -> 0
B47: Electricité | D47: =COUNTIF(M6:M35,"Electricite") -> 0
B48: Stores | D48: =COUNTIF(M6:M35,"Store") -> 0
B49: Menuiserie | D49: =COUNTIF(M6:M35,"Menuiserie") -> 0
B50: Cabine de douche | D50: =COUNTIF(M10:M39,"douche") -> 0
B51: Plomberie | D51: =COUNTIF(M6:M35,"Plomberie") -> 0
B52: Maçonnerie | D52: =COUNTIF(M6:M35,"Maçonnerie") -> 0
B53: Fenêtres | D53: =COUNTIF(M6:M35,"fenetre") -> 0
B54: Volets | D54: =COUNTIF(M6:M35,"Volets") -> 0
B55: Alarme | D55: =COUNTIF(M6:M35,"Alarme") -> 0
B56: Revêtement de sol | D56: =COUNTIF(M6:M35,"sol") -> 0

Sheet Mars
A2: SUIVIE CLIENT 2016
A5: MOIS | B5: Nombres | C5: DATE | D5: N° CLIENT | E5: N° BC | F5: NOM | G5: PRENOM | H5: VTC | I5: ORIGINE | J5: DATE DE LIVRAISON | K5: RDV METRAGE | L5: PIT | M5: TYPE DE TRAVAUX | N5: SURFACE | O5: LA DATE DU COMMISSION DES VTC | P5: MONTANT DOSSIER ANNULER | Q5: VALEUR TVA | R5: MONTANT TTC | S5: MONTANT TVA | T5: MONTANT HT | U5: 1er Acompte | W5: VERSEMENT A LA LIVRAISON | Y5: SOLDE FIN DE TRAVAUX | AA5: TOTAL PAYER | AB5: RESTE A VERSER | AC5: MONTANT DOSSIER POSE | AD5: DATE COURRIER ANNULATION | AE5: DATE COURRIER FACTURES | AF5: DATE COURRIER DIVERS | AG5: OBSERVATIONS
A6: MARS | B6: 1 | D6: PA0 | I6: RP / TM | L6: =C6+15 -> 15 | N6: 00m₂ | P6: 0 | Q6: 0.1 | R6: 0 | S6: =R6-T6 -> 0 | T6: =R6/1.1 -> 0 | U6: =R6*0.4 -> 0 | W6: =R6*0.5 -> 0 | Y6: =R6*0.1 -> 0 | AA6: 0 | AB6: =R6-AA6 -> 0 | AC6: 0
B7: 2 | D7: PA0 | I7: RP / TM | L7: =C7+15 -> 15 | N7: 00m₂ | P7: 0 | Q7: 0.1 | R7: 0 | S7: =R7-T7 -> 0 | T7: =R7/1.1 -> 0 | U7: =R7*0.4 -> 0 | W7: =R7*0.5 -> 0 | Y7: =R7*0.1 -> 0 | AA7: 0 | AB7: =R7-AA7 -> 0 | AC7: 0
B8: 3 | D8: PA0 | I8: RP / TM | L8: =C8+15 -> 15 | N8: 00m₂ | P8: 0 | Q8: 0.1 | R8: 0 | S8: =R8-T8 -> 0 | T8: =R8/1.1 -> 0 | U8: =R8*0.4 -> 0 | W8: =R8*0.5 -> 0 | Y8: =R8*0.1 -> 0 | AA8: 0 | AB8: =R8-AA8 -> 0 | AC8: 0
B9: 4 | D9: PA0 | I9: RP / TM | L9: =C9+15 -> 15 | N9: 00m₂ | P9: 0 | Q9: 0.1 | R9: 0 | S9: =R9-T9 -> 0 | T9: =R9/1.1 -> 0 | U9: =R9*0.4 -> 0 | W9: =R9*0.5 -> 0 | Y9: =R9*0.1 -> 0 | AA9: 0 | AB9: =R9-AA9 -> 0 | AC9: 0
B10: 5 | D10: PA0 | I10: RP / TM | L10: =C10+15 -> 15 | N10: 00m₂ | P10: 0 | Q10: 0.1 | R10: 0 | S10: =R10-T10 -> 0 | T10: =R10/1.1 -> 0 | U10: =R10*0.4 -> 0 | W10: =R10*0.5 -> 0 | Y10: =R10*0.1 -> 0 | AA10: 0 | AB10: =R10-AA10 -> 0 | AC10: 0
B11: 6 | D11: PA0 | I11: RP / TM | L11: =C11+15 -> 15 | N11: 00m₂ | P11: 0 | Q11: 0.1 | R11: 0 | S11: =R11-T11 -> 0 | T11: =R11/1.1 -> 0 | U11: =R11*0.4 -> 0 | W11: =R11*0.5 -> 0 | Y11: =R11*0.1 -> 0 | AA11: 0 | AB11: =R11-AA11 -> 0 | AC11: 0
B12: 7 | D12: PA0 | I12: RP / TM | L12: =C12+15 -> 15 | N12: 00m₂ | P12: 0 | Q12: 0.1 | R12: 0 | S12: =R12-T12 -> 0 | T12: =R12/1.1 -> 0 | U12: =R12*0.4 -> 0 | W12: =R12*0.5 -> 0 | Y12: =R12*0.1 -> 0 | AA12: 0 | AB12: =R12-AA12 -> 0 | AC12: 0
B13: 8 | D13: PA0 | I13: RP / TM | L13: =C13+15 -> 15 | N13: 00m₂ | P13: 0 | Q13: 0.1 | R13: 0 | S13: =R13-T13 -> 0 | T13: =R13/1.1 -> 0 | U13: =R13*0.4 -> 0 | W13: =R13*0.5 -> 0 | Y13: =R13*0.1 -> 0 | AA13: 0 | AB13: =R13-AA13 -> 0 | AC13: 0
B14: 9 | D14: PA0 | I14: RP / TM | L14: =C14+15 -> 15 | N14: 00m₂ | P14: 0 | Q14: 0.1 | R14: 0 | S14: =R14-T14 -> 0 | T14: =R14/1.1 -> 0 | U14: =R14*0.4 -> 0 | W14: =R14*0.5 -> 0 | Y14: =R14*0.1 -> 0 | AA14: 0 | AB14: =R14-AA14 -> 0 | AC14: 0
B15: 10 | D15: PA0 | I15: RP / TM | L15: =C15+15 -> 15 | N15: 00m₂ | P15: 0 | Q15: 0.1 | R15: 0 | S15: =R15-T15 -> 0 | T15: =R15/1.1 -> 0 | U15: =R15*0.4 -> 0 | W15: =R15*0.5 -> 0 | Y15: =R15*0.1 -> 0 | AA15: 0 | AB15: =R15-AA15 -> 0 | AC15: 0
B16: 11 | D16: PA0 | I16: RP / TM | L16: =C16+15 -> 15 | N16: 00m₂ | P16: 0 | Q16: 0.1 | R16: 0 | S16: =R16-T16 -> 0 | T16: =R16/1.1 -> 0 | U16: =R16*0.4 -> 0 | W16: =R16*0.5 -> 0 | Y16: =R16*0.1 -> 0 | AA16: 0 | AB16: =R16-AA16 -> 0 | AC16: 0
B17: 12 | D17: PA0 | I17: RP / TM | L17: =C17+15 -> 15 | N17: 00m₂ | P17: 0 | Q17: 0.1 | R17: 0 | S17: =R17-T17 -> 0 | T17: =R17/1.1 -> 0 | U17: =R17*0.4 -> 0 | W17: =R17*0.5 -> 0 | Y17: =R17*0.1 -> 0 | AA17: 0 | AB17: =R17-AA17 -> 0 | AC17: 0
B18: 13 | D18: PA0 | I18: RP / TM | L18: =C18+15 -> 15 | N18: 00m₂ | P18: 0 | Q18: 0.1 | R18: 0 | S18: =R18-T18 -> 0 | T18: =R18/1.1 -> 0 | U18: =R18*0.4 -> 0 | W18: =R18*0.5 -> 0 | Y18: =R18*0.1 -> 0 | AA18: 0 | AB18: =R18-AA18 -> 0 | AC18: 0
... B35: 30 | D35: PA0 | I35: RP / TM | L35: =C35+15 -> 15 | N35: 00m₂ | P35: 0 | Q35: 0.1 | R35: 0 | S35: =R35-T35 -> 0 | T35: =R35/1.1 -> 0 | U35: =R35*0.4 -> 0 | W35: =R35*0.5 -> 0 | Y35: =R35*0.1 -> 0 | AA35: 0 | AB35: =R35-AA35 -> 0 | AC35: 0
P36: =SUM(P6:P35) -> 0 | R36: =SUM(R6:R35) -> 0 | S36: =SUM(S6:S35) -> 0 | T36: =SUM(T6:T35) -> 0 | U36: =SUM(U6:U35) -> 0 | W36: =SUM(W6:W35) -> 0 | Y36: =SUM(Y6:Y35) -> 0 | AA36: =SUM(AA6:AA35) -> 0 | AB36: =SUM(AB6:AB35) -> 0 | AC36: =SUM(AC6:AC35) -> 0
B37: DOSSIER EN COURS | D37: 0 | E37: =R6+R7 -> 0 | G37: TOTAL AVEC ANNULATION | I37: =E41-E40 -> 0
B38: DOSSIER EN PAUSE | D38: 0 | E38: 0
B39: DOSSIER REALISES | D39: 0 | E39: =AC36 -> 0
B40: DOSSIER ANNULE | D40: 0 | E40: =P36 -> 0
B41: TOTAL | D41: =D37+D38+D39+D40 -> 0 | E41: =R36 -> 0
B43: MONTANT TVA | D43: =S36 -> 0
B45: TYPE DE TRAVAUX | D45: NOMBRE DE VENTES
B46: Peinture | D46: =COUNTIF(M6:M35,"Peinture") -> 0
B47: Electricité | D47: =COUNTIF(M6:M35,"Electricite") -> 0
B48: Stores | D48: =COUNTIF(M6:M35,"Store") -> 0
B49: Menuiserie | D49: =COUNTIF(M6:M35,"Menuiserie") -> 0
B50: Cabine de douche | D50: =COUNTIF(M10:M39,"douche") -> 0
B51: Plomberie | D51: =COUNTIF(M6:M35,"Plomberie") -> 0
B52: Maçonnerie | D52: =COUNTIF(M6:M35,"Maçonnerie") -> 0
B53: Fenêtres | D53: =COUNTIF(M6:M35,"fenetre") -> 0
B54: Volets | D54: =COUNTIF(M6:M35,"Volets") -> 0
B55: Alarme | D55: =COUNTIF(M6:M35,"Alarme") -> 0
B56: Revêtement de sol | D56: =COUNTIF(M6:M35,"sol") -> 0

Sheet Avril
A2: SUIVIE CLIENT 2016
A5: MOIS | B5: Nombres | C5: DATE | D5: N° CLIENT | E5: N° BC | F5: NOM | G5: PRENOM | H5: VTC | I5: ORIGINE | J5: DATE DE LIVRAISON | K5: RDV METRAGE | L5: PIT | M5: TYPE DE TRAVAUX | N5: SURFACE | O5: LA DATE DU COMMISSION DES VTC | P5: MONTANT DOSSIER ANNULER | Q5: VALEUR TVA | R5: MONTANT TTC | S5: MONTANT TVA | T5: MONTANT HT | U5: 1er Acompte | W5: VERSEMENT A LA LIVRAISON | Y5: SOLDE FIN DE TRAVAUX | AA5: TOTAL PAYER | AB5: RESTE A VERSER | AC5: MONTANT DOSSIER POSE | AD5: DATE COURRIER ANNULATION | AE5: DATE COURRIER FACTURES | AF5: DATE COURRIER DIVERS | AG5: OBSERVATIONS
A6: AVRIL | B6: 1 | D6: PA0 | I6: RP / TM | L6: =C6+15 -> 15 | N6: 00m₂ | P6: 0 | Q6: 0.1 | R6: 0 | S6: =R6-T6 -> 0 | T6: =R6/1.1 -> 0 | U6: =R6*0.4 -> 0 | W6: =R6*0.5 -> 0 | Y6: =R6*0.1 -> 0 | AA6: 0 | AB6: =R6-AA6 -> 0 | AC6: 0
B7: 2 | D7: PA0 | I7: RP / TM | L7: =C7+15 -> 15 | N7: 00m₂ | P7: 0 | Q7: 0.1 | R7: 0 | S7: =R7-T7 -> 0 | T7: =R7/1.1 -> 0 | U7: =R7*0.4 -> 0 | W7: =R7*0.5 -> 0 | Y7: =R7*0.1 -> 0 | AA7: 0 | AB7: =R7-AA7 -> 0 | AC7: 0
B8: 3 | D8: PA0 | I8: RP / TM | L8: =C8+15 -> 15 | N8: 00m₂ | P8: 0 | Q8: 0.1 | R8: 0 | S8: =R8-T8 -> 0 | T8: =R8/1.1 -> 0 | U8: =R8*0.4 -> 0 | W8: =R8*0.5 -> 0 | Y8: =R8*0.1 -> 0 | AA8: 0 | AB8: =R8-AA8 -> 0 | AC8: 0
B9: 4 | D9: PA0 | I9: RP / TM | L9: =C9+15 -> 15 | N9: 00m₂ | P9: 0 | Q9: 0.1 | R9: 0 | S9: =R9-T9 -> 0 | T9: =R9/1.1 -> 0 | U9: =R9*0.4 -> 0 | W9: =R9*0.5 -> 0 | Y9: =R9*0.1 -> 0 | AA9: 0 | AB9: =R9-AA9 -> 0 | AC9: 0
B10: 5 | D10: PA0 | I10: RP / TM | L10: =C10+15 -> 15 | N10: 00m₂ | P10: 0 | Q10: 0.1 | R10: 0 | S10: =R10-T10 -> 0 | T10: =R10/1.1 -> 0 | U10: =R10*0.4 -> 0 | W10: =R10*0.5 -> 0 | Y10: =R10*0.1 -> 0 | AA10: 0 | AB10: =R10-AA10 -> 0 | AC10: 0
B11: 6 | D11: PA0 | I11: RP / TM | L11: =C11+15 -> 15 | N11: 00m₂ | P11: 0 | Q11: 0.1 | R11: 0 | S11: =R11-T11 -> 0 | T11: =R11/1.1 -> 0 | U11: =R11*0.4 -> 0 | W11: =R11*0.5 -> 0 | Y11: =R11*0.1 -> 0 | AA11: 0 | AB11: =R11-AA11 -> 0 | AC11: 0
B12: 7 | D12: PA0 | I12: RP / TM | L12: =C12+15 -> 15 | N12: 00m₂ | P12: 0 | Q12: 0.1 | R12: 0 | S12: =R12-T12 -> 0 | T12: =R12/1.1 -> 0 | U12: =R12*0.4 -> 0 | W12: =R12*0.5 -> 0 | Y12: =R12*0.1 -> 0 | AA12: 0 | AB12: =R12-AA12 -> 0 | AC12: 0
B13: 8 | D13: PA0 | I13: RP / TM | L13: =C13+15 -> 15 | N13: 00m₂ | P13: 0 | Q13: 0.1 | R13: 0 | S13: =R13-T13 -> 0 | T13: =R13/1.1 -> 0 | U13: =R13*0.4 -> 0 | W13: =R13*0.5 -> 0 | Y13: =R13*0.1 -> 0 | AA13: 0 | AB13: =R13-AA13 -> 0 | AC13: 0
B14: 9 | D14: PA0 | I14: RP / TM | L14: =C14+15 -> 15 | N14: 00m₂ | P14: 0 | Q14: 0.1 | R14: 0 | S14: =R14-T14 -> 0 | T14: =R14/1.1 -> 0 | U14: =R14*0.4 -> 0 | W14: =R14*0.5 -> 0 | Y14: =R14*0.1 -> 0 | AA14: 0 | AB14: =R14-AA14 -> 0 | AC14: 0
B15: 10 | D15: PA0 | I15: RP / TM | L15: =C15+15 -> 15 | N15: 00m₂ | P15: 0 | Q15: 0.1 | R15: 0 | S15: =R15-T15 -> 0 | T15: =R15/1.1 -> 0 | U15: =R15*0.4 -> 0 | W15: =R15*0.5 -> 0 | Y15: =R15*0.1 -> 0 | AA15: 0 | AB15: =R15-AA15 -> 0 | AC15: 0
B16: 11 | D16: PA0 | I16: RP / TM | L16: =C16+15 -> 15 | N16: 00m₂ | P16: 0 | Q16: 0.1 | R16: 0 | S16: =R16-T16 -> 0 | T16: =R16/1.1 -> 0 | U16: =R16*0.4 -> 0 | W16: =R16*0.5 -> 0 | Y16: =R16*0.1 -> 0 | AA16: 0 | AB16: =R16-AA16 -> 0 | AC16: 0
B17: 12 | D17: PA0 | I17: RP / TM | L17: =C17+15 -> 15 | N17: 00m₂ | P17: 0 | Q17: 0.1 | R17: 0 | S17: =R17-T17 -> 0 | T17: =R17/1.1 -> 0 | U17: =R17*0.4 -> 0 | W17: =R17*0.5 -> 0 | Y17: =R17*0.1 -> 0 | AA17: 0 | AB17: =R17-AA17 -> 0 | AC17: 0
B18: 13 | D18: PA0 | I18: RP / TM | L18: =C18+15 -> 15 | N18: 00m₂ | P18: 0 | Q18: 0.1 | R18: 0 | S18: =R18-T18 -> 0 | T18: =R18/1.1 -> 0 | U18: =R18*0.4 -> 0 | W18: =R18*0.5 -> 0 | Y18: =R18*0.1 -> 0 | AA18: 0 | AB18: =R18-AA18 -> 0 | AC18: 0
... B35: 30 | D35: PA0 | I35: RP / TM | L35: =C35+15 -> 15 | N35: 00m₂ | P35: 0 | Q35: 0.1 | R35: 0 | S35: =R35-T35 -> 0 | T35: =R35/1.1 -> 0 | U35: =R35*0.4 -> 0 | W35: =R35*0.5 -> 0 | Y35: =R35*0.1 -> 0 | AA35: 0 | AB35: =R35-AA35 -> 0 | AC35: 0
P36: =SUM(P6:P35) -> 0 | R36: =SUM(R6:R35) -> 0 | S36: =SUM(S6:S35) -> 0 | T36: =SUM(T6:T35) -> 0 | U36: =SUM(U6:U35) -> 0 | W36: =SUM(W6:W35) -> 0 | Y36: =SUM(Y6:Y35) -> 0 | AA36: =SUM(AA6:AA35) -> 0 | AB36: =SUM(AB6:AB35) -> 0 | AC36: =SUM(AC6:AC35) -> 0
B37: DOSSIER EN COURS | D37: 0 | E37: =R6+R7 -> 0 | G37: TOTAL AVEC ANNULATION | I37: =E41-E40 -> 0
B38: DOSSIER EN PAUSE | D38: 0 | E38: 0
B39: DOSSIER REALISES | D39: 0 | E39: =AC36 -> 0
B40: DOSSIER ANNULE | D40: 0 | E40: =P36 -> 0
B41: TOTAL | D41: =D37+D38+D39+D40 -> 0 | E41: =R36 -> 0
B43: MONTANT TVA | D43: =S36 -> 0
B45: TYPE DE TRAVAUX | D45: NOMBRE DE VENTES
B46: Peinture | D46: =COUNTIF(M6:M35,"Peinture") -> 0
B47: Electricité | D47: =COUNTIF(M6:M35,"Electricite") -> 0
B48: Stores | D48: =COUNTIF(M6:M35,"Store") -> 0
B49: Menuiserie | D49: =COUNTIF(M6:M35,"Menuiserie") -> 0
B50: Cabine de douche | D50: =COUNTIF(M10:M39,"douche") -> 0
B51: Plomberie | D51: =COUNTIF(M6:M35,"Plomberie") -> 0
B52: Maçonnerie | D52: =COUNTIF(M6:M35,"Maçonnerie") -> 0
B53: Fenêtres | D53: =COUNTIF(M6:M35,"fenetre") -> 0
B54: Volets | D54: =COUNTIF(M6:M35,"Volets") -> 0
B55: Alarme | D55: =COUNTIF(M6:M35,"Alarme") -> 0
B56: Revêtement de sol | D56: =COUNTIF(M6:M35,"sol") -> 0

Sheet Mai
A2: SUIVIE CLIENT 2016
A5: MOIS | B5: Nombres | C5: DATE | D5: N° CLIENT | E5: N° BC | F5: NOM | G5: PRENOM | H5: VTC | I5: ORIGINE | J5: DATE DE LIVRAISON | K5: RDV METRAGE | L5: PIT | M5: TYPE DE TRAVAUX | N5: SURFACE | O5: LA DATE DU COMMISSION DES VTC | P5: MONTANT DOSSIER ANNULER | Q5: VALEUR TVA | R5: MONTANT TTC | S5: MONTANT TVA | T5: MONTANT HT | U5: 1er Acompte | W5: VERSEMENT A LA LIVRAISON | Y5: SOLDE FIN DE TRAVAUX | AA5: TOTAL PAYER | AB5: RESTE A VERSER | AC5: MONTANT DOSSIER POSE | AD5: DATE COURRIER ANNULATION | AE5: DATE COURRIER FACTURES | AF5: DATE COURRIER DIVERS | AG5: OBSERVATIONS
A6: MAI | B6: 1 | D6: PA0 | I6: RP / TM | L6: =C6+15 -> 15 | N6: 00m₂ | P6: 0 | Q6: 0.1 | R6: 0 | S6: =R6-T6 -> 0 | T6: =R6/1.1 -> 0 | U6: =R6*0.4 -> 0 | W6: =R6*0.5 -> 0 | Y6: =R6*0.1 -> 0 | AA6: 0 | AB6: =R6-AA6 -> 0 | AC6: 0
B7: 2 | D7: PA0 | I7: RP / TM | L7: =C7+15 -> 15 | N7: 00m₂ | P7: 0 | Q7: 0.1 | R7: 0 | S7: =R7-T7 -> 0 | T7: =R7/1.1 -> 0 | U7: =R7*0.4 -> 0 | W7: =R7*0.5 -> 0 | Y7: =R7*0.1 -> 0 | AA7: 0 | AB7: =R7-AA7 -> 0 | AC7: 0
B8: 3 | D8: PA0 | I8: RP / TM | L8: =C8+15 -> 15 | N8: 00m₂ | P8: 0 | Q8: 0.1 | R8: 0 | S8: =R8-T8 -> 0 | T8: =R8/1.1 -> 0 | U8: =R8*0.4 -> 0 | W8: =R8*0.5 -> 0 | Y8: =R8*0.1 -> 0 | AA8: 0 | AB8: =R8-AA8 -> 0 | AC8: 0
B9: 4 | D9: PA0 | I9: RP / TM | L9: =C9+15 -> 15 | N9: 00m₂ | P9: 0 | Q9: 0.1 | R9: 0 | S9: =R9-T9 -> 0 | T9: =R9/1.1 -> 0 | U9: =R9*0.4 -> 0 | W9: =R9*0.5 -> 0 | Y9: =R9*0.1 -> 0 | AA9: 0 | AB9: =R9-AA9 -> 0 | AC9: 0
B10: 5 | D10: PA0 | I10: RP / TM | L10: =C10+15 -> 15 | N10: 00m₂ | P10: 0 | Q10: 0.1 | R10: 0 | S10: =R10-T10 -> 0 | T10: =R10/1.1 -> 0 | U10: =R10*0.4 -> 0 | W10: =R10*0.5 -> 0 | Y10: =R10*0.1 -> 0 | AA10: 0 | AB10: =R10-AA10 -> 0 | AC10: 0
B11: 6 | D11: PA0 | I11: RP / TM | L11: =C11+15 -> 15 | N11: 00m₂ | P11: 0 | Q11: 0.1 | R11: 0 | S11: =R11-T11 -> 0 | T11: =R11/1.1 -> 0 | U11: =R11*0.4 -> 0 | W11: =R11*0.5 -> 0 | Y11: =R11*0.1 -> 0 | AA11: 0 | AB11: =R11-AA11 -> 0 | AC11: 0
B12: 7 | D12: PA0 | I12: RP / TM | L12: =C12+15 -> 15 | N12: 00m₂ | P12: 0 | Q12: 0.1 | R12: 0 | S12: =R12-T12 -> 0 | T12: =R12/1.1 -> 0 | U12: =R12*0.4 -> 0 | W12: =R12*0.5 -> 0 | Y12: =R12*0.1 -> 0 | AA12: 0 | AB12: =R12-AA12 -> 0 | AC12: 0
B13: 8 | D13: PA0 | I13: RP / TM | L13: =C13+15 -> 15 | N13: 00m₂ | P13: 0 | Q13: 0.1 | R13: 0 | S13: =R13-T13 -> 0 | T13: =R13/1.1 -> 0 | U13: =R13*0.4 -> 0 | W13: =R13*0.5 -> 0 | Y13: =R13*0.1 -> 0 | AA13: 0 | AB13: =R13-AA13 -> 0 | AC13: 0
B14: 9 | D14: PA0 | I14: RP / TM | L14: =C14+15 -> 15 | N14: 00m₂ | P14: 0 | Q14: 0.1 | R14: 0 | S14: =R14-T14 -> 0 | T14: =R14/1.1 -> 0 | U14: =R14*0.4 -> 0 | W14: =R14*0.5 -> 0 | Y14: =R14*0.1 -> 0 | AA14: 0 | AB14: =R14-AA14 -> 0 | AC14: 0
B15: 10 | D15: PA0 | I15: RP / TM | L15: =C15+15 -> 15 | N15: 00m₂ | P15: 0 | Q15: 0.1 | R15: 0 | S15: =R15-T15 -> 0 | T15: =R15/1.1 -> 0 | U15: =R15*0.4 -> 0 | W15: =R15*0.5 -> 0 | Y15: =R15*0.1 -> 0 | AA15: 0 | AB15: =R15-AA15 -> 0 | AC15: 0
B16: 11 | D16: PA0 | I16: RP / TM | L16: =C16+15 -> 15 | N16: 00m₂ | P16: 0 | Q16: 0.1 | R16: 0 | S16: =R16-T16 -> 0 | T16: =R16/1.1 -> 0 | U16: =R16*0.4 -> 0 | W16: =R16*0.5 -> 0 | Y16: =R16*0.1 -> 0 | AA16: 0 | AB16: =R16-AA16 -> 0 | AC16: 0
B17: 12 | D17: PA0 | I17: RP / TM | L17: =C17+15 -> 15 | N17: 00m₂ | P17: 0 | Q17: 0.1 | R17: 0 | S17: =R17-T17 -> 0 | T17: =R17/1.1 -> 0 | U17: =R17*0.4 -> 0 | W17: =R17*0.5 -> 0 | Y17: =R17*0.1 -> 0 | AA17: 0 | AB17: =R17-AA17 -> 0 | AC17: 0
B18: 13 | D18: PA0 | I18: RP / TM | L18: =C18+15 -> 15 | N18: 00m₂ | P18: 0 | Q18: 0.1 | R18: 0 | S18: =R18-T18 -> 0 | T18: =R18/1.1 -> 0 | U18: =R18*0.4 -> 0 | W18: =R18*0.5 -> 0 | Y18: =R18*0.1 -> 0 | AA18: 0 | AB18: =R18-AA18 -> 0 | AC18: 0
... B35: 30 | D35: PA0 | I35: RP / TM | L35: =C35+15 -> 15 | N35: 00m₂ | P35: 0 | Q35: 0.1 | R35: 0 | S35: =R35-T35 -> 0 | T35: =R35/1.1 -> 0 | U35: =R35*0.4 -> 0 | W35: =R35*0.5 -> 0 | Y35: =R35*0.1 -> 0 | AA35: 0 | AB35: =R35-AA35 -> 0 | AC35: 0
P36: =SUM(P6:P35) -> 0 | R36: =SUM(R6:R35) -> 0 | S36: =SUM(S6:S35) -> 0 | T36: =SUM(T6:T35) -> 0 | U36: =SUM(U6:U35) -> 0 | W36: =SUM(W6:W35) -> 0 | Y36: =SUM(Y6:Y35) -> 0 | AA36: =SUM(AA6:AA35) -> 0 | AB36: =SUM(AB6:AB35) -> 0 | AC36: =SUM(AC6:AC35) -> 0
B37: DOSSIER EN COURS | D37: 0 | E37: =R6+R7 -> 0 | G37: TOTAL AVEC ANNULATION | I37: =E41-E40 -> 0
B38: DOSSIER EN PAUSE | D38: 0 | E38: 0
B39: DOSSIER REALISES | D39: 0 | E39: =AC36 -> 0
B40: DOSSIER ANNULE | D40: 0 | E40: =P36 -> 0
B41: TOTAL | D41: =D37+D38+D39+D40 -> 0 | E41: =R36 -> 0
B43: MONTANT TVA | D43: =S36 -> 0
B45: TYPE DE TRAVAUX | D45: NOMBRE DE VENTES
B46: Peinture | D46: =COUNTIF(M6:M35,"Peinture") -> 0
B47: Electricité | D47: =COUNTIF(M6:M35,"Electricite") -> 0
B48: Stores | D48: =COUNTIF(M6:M35,"Store") -> 0
B49: Menuiserie | D49: =COUNTIF(M6:M35,"Menuiserie") -> 0
B50: Cabine de douche | D50: =COUNTIF(M10:M39,"douche") -> 0
B51: Plomberie | D51: =COUNTIF(M6:M35,"Plomberie") -> 0
B52: Maçonnerie | D52: =COUNTIF(M6:M35,"Maçonnerie") -> 0
B53: Fenêtres | D53: =COUNTIF(M6:M35,"fenetre") -> 0
B54: Volets | D54: =COUNTIF(M6:M35,"Volets") -> 0
B55: Alarme | D55: =COUNTIF(M6:M35,"Alarme") -> 0
B56: Revêtement de sol | D56: =COUNTIF(M6:M35,"sol") -> 0

Sheet Juin
A2: SUIVIE CLIENT 2016
A5: MOIS | B5: Nombres | C5: DATE | D5: N° CLIENT | E5: N° BC | F5: NOM | G5: PRENOM | H5: VTC | I5: ORIGINE | J5: DATE DE LIVRAISON | K5: RDV METRAGE | L5: PIT | M5: TYPE DE TRAVAUX | N5: SURFACE | O5: LA DATE DU COMMISSION DES VTC | P5: MONTANT DOSSIER ANNULER | Q5: VALEUR TVA | R5: MONTANT TTC | S5: MONTANT TVA | T5: MONTANT HT | U5: 1er Acompte | W5: VERSEMENT A LA LIVRAISON | Y5: SOLDE FIN DE TRAVAUX | AA5: TOTAL PAYER | AB5: RESTE A VERSER | AC5: MONTANT DOSSIER POSE | AD5: DATE COURRIER ANNULATION | AE5: DATE COURRIER FACTURES | AF5: DATE COURRIER DIVERS | AG5: OBSERVATIONS
A6: JUIN | B6: 1 | D6: PA0 | I6: RP / TM | L6: =C6+15 -> 15 | N6: 00m₂ | P6: 0 | Q6: 0.1 | R6: 0 | S6: =R6-T6 -> 0 | T6: =R6/1.1 -> 0 | U6: =R6*0.4 -> 0 | W6: =R6*0.5 -> 0 | Y6: =R6*0.1 -> 0 | AA6: 0 | AB6: =R6-AA6 -> 0 | AC6: 0
B7: 2 | D7: PA0 | I7: RP / TM | L7: =C7+15 -> 15 | N7: 00m₂ | P7: 0 | Q7: 0.1 | R7: 0 | S7: =R7-T7 -> 0 | T7: =R7/1.1 -> 0 | U7: =R7*0.4 -> 0 | W7: =R7*0.5 -> 0 | Y7: =R7*0.1 -> 0 | AA7: 0 | AB7: =R7-AA7 -> 0 | AC7: 0
B8: 3 | D8: PA0 | I8: RP / TM | L8: =C8+15 -> 15 | N8: 00m₂ | P8: 0 | Q8: 0.1 | R8: 0 | S8: =R8-T8 -> 0 | T8: =R8/1.1 -> 0 | U8: =R8*0.4 -> 0 | W8: =R8*0.5 -> 0 | Y8: =R8*0.1 -> 0 | AA8: 0 | AB8: =R8-AA8 -> 0 | AC8: 0
B9: 4 | D9: PA0 | I9: RP / TM | L9: =C9+15 -> 15 | N9: 00m₂ | P9: 0 | Q9: 0.1 | R9: 0 | S9: =R9-T9 -> 0 | T9: =R9/1.1 -> 0 | U9: =R9*0.4 -> 0 | W9: =R9*0.5 -> 0 | Y9: =R9*0.1 -> 0 | AA9: 0 | AB9: =R9-AA9 -> 0 | AC9: 0
B10: 5 | D10: PA0 | I10: RP / TM | L10: =C10+15 -> 15 | N10: 00m₂ | P10: 0 | Q10: 0.1 | R10: 0 | S10: =R10-T10 -> 0 | T10: =R10/1.1 -> 0 | U10: =R10*0.4 -> 0 | W10: =R10*0.5 -> 0 | Y10: =R10*0.1 -> 0 | AA10: 0 | AB10: =R10-AA10 -> 0 | AC10: 0
B11: 6 | D11: PA0 | I11: RP / TM | L11: =C11+15 -> 15 | N11: 00m₂ | P11: 0 | Q11: 0.1 | R11: 0 | S11: =R11-T11 -> 0 | T11: =R11/1.1 -> 0 | U11: =R11*0.4 -> 0 | W11: =R11*0.5 -> 0 | Y11: =R11*0.1 -> 0 | AA11: 0 | AB11: =R11-AA11 -> 0 | AC11: 0
B12: 7 | D12: PA0 | I12: RP / TM | L12: =C12+15 -> 15 | N12: 00m₂ | P12: 0 | Q12: 0.1 | R12: 0 | S12: =R12-T12 -> 0 | T12: =R12/1.1 -> 0 | U12: =R12*0.4 -> 0 | W12: =R12*0.5 -> 0 | Y12: =R12*0.1 -> 0 | AA12: 0 | AB12: =R12-AA12 -> 0 | AC12: 0
B13: 8 | D13: PA0 | I13: RP / TM | L13: =C13+15 -> 15 | N13: 00m₂ | P13: 0 | Q13: 0.1 | R13: 0 | S13: =R13-T13 -> 0 | T13: =R13/1.1 -> 0 | U13: =R13*0.4 -> 0 | W13: =R13*0.5 -> 0 | Y13: =R13*0.1 -> 0 | AA13: 0 | AB13: =R13-AA13 -> 0 | AC13: 0
B14: 9 | D14: PA0 | I14: RP / TM | L14: =C14+15 -> 15 | N14: 00m₂ | P14: 0 | Q14: 0.1 | R14: 0 | S14: =R14-T14 -> 0 | T14: =R14/1.1 -> 0 | U14: =R14*0.4 -> 0 | W14: =R14*0.5 -> 0 | Y14: =R14*0.1 -> 0 | AA14: 0 | AB14: =R14-AA14 -> 0 | AC14: 0
B15: 10 | D15: PA0 | I15: RP / TM | L15: =C15+15 -> 15 | N15: 00m₂ | P15: 0 | Q15: 0.1 | R15: 0 | S15: =R15-T15 -> 0 | T15: =R15/1.1 -> 0 | U15: =R15*0.4 -> 0 | W15: =R15*0.5 -> 0 | Y15: =R15*0.1 -> 0 | AA15: 0 | AB15: =R15-AA15 -> 0 | AC15: 0
B16: 11 | D16: PA0 | I16: RP / TM | L16: =C16+15 -> 15 | N16: 00m₂ | P16: 0 | Q16: 0.1 | R16: 0 | S16: =R16-T16 -> 0 | T16: =R16/1.1 -> 0 | U16: =R16*0.4 -> 0 | W16: =R16*0.5 -> 0 | Y16: =R16*0.1 -> 0 | AA16: 0 | AB16: =R16-AA16 -> 0 | AC16: 0
B17: 12 | D17: PA0 | I17: RP / TM | L17: =C17+15 -> 15 | N17: 00m₂ | P17: 0 | Q17: 0.1 | R17: 0 | S17: =R17-T17 -> 0 | T17: =R17/1.1 -> 0 | U17: =R17*0.4 -> 0 | W17: =R17*0.5 -> 0 | Y17: =R17*0.1 -> 0 | AA17: 0 | AB17: =R17-AA17 -> 0 | AC17: 0
B18: 13 | D18: PA0 | I18: RP / TM | L18: =C18+15 -> 15 | N18: 00m₂ | P18: 0 | Q18: 0.1 | R18: 0 | S18: =R18-T18 -> 0 | T18: =R18/1.1 -> 0 | U18: =R18*0.4 -> 0 | W18: =R18*0.5 -> 0 | Y18: =R18*0.1 -> 0 | AA18: 0 | AB18: =R18-AA18 -> 0 | AC18: 0
... B35: 30 | D35: PA0 | I35: RP / TM | L35: =C35+15 -> 15 | N35: 00m₂ | P35: 0 | Q35: 0.1 | R35: 0 | S35: =R35-T35 -> 0 | T35: =R35/1.1 -> 0 | U35: =R35*0.4 -> 0 | W35: =R35*0.5 -> 0 | Y35: =R35*0.1 -> 0 | AA35: 0 | AB35: =R35-AA35 -> 0 | AC35: 0
P36: =SUM(P6:P35) -> 0 | R36: =SUM(R6:R35) -> 0 | S36: =SUM(S6:S35) -> 0 | T36: =SUM(T6:T35) -> 0 | U36: =SUM(U6:U35) -> 0 | W36: =SUM(W6:W35) -> 0 | Y36: =SUM(Y6:Y35) -> 0 | AA36: =SUM(AA6:AA35) -> 0 | AB36: =SUM(AB6:AB35) -> 0 | AC36: =SUM(AC6:AC35) -> 0
B37: DOSSIER EN COURS | D37: 0 | E37: =R6+R7 -> 0 | G37: TOTAL AVEC ANNULATION | I37: =E41-E40 -> 0
B38: DOSSIER EN PAUSE | D38: 0 | E38: 0
B39: DOSSIER REALISES | D39: 0 | E39: =AC36 -> 0
B40: DOSSIER ANNULE | D40: 0 | E40: =P36 -> 0
B41: TOTAL | D41: =D37+D38+D39+D40 -> 0 | E41: =R36 -> 0
B43: MONTANT TVA | D43: =S36 -> 0
B45: TYPE DE TRAVAUX | D45: NOMBRE DE VENTES
B46: Peinture | D46: =COUNTIF(M6:M35,"Peinture") -> 0
B47: Electricité | D47: =COUNTIF(M6:M35,"Electricite") -> 0
B48: Stores | D48: =COUNTIF(M6:M35,"Store") -> 0
B49: Menuiserie | D49: =COUNTIF(M6:M35,"Menuiserie") -> 0
B50: Cabine de douche | D50: =COUNTIF(M10:M39,"douche") -> 0
B51: Plomberie | D51: =COUNTIF(M6:M35,"Plomberie") -> 0
B52: Maçonnerie | D52: =COUNTIF(M6:M35,"Maçonnerie") -> 0
B53: Fenêtres | D53: =COUNTIF(M6:M35,"fenetre") -> 0
B54: Volets | D54: =COUNTIF(M6:M35,"Volets") -> 0
B55: Alarme | D55: =COUNTIF(M6:M35,"Alarme") -> 0
B56: Revêtement de sol | D56: =COUNTIF(M6:M35,"sol") -> 0

Sheet Juillet
A2: SUIVIE CLIENT 2016
A5: MOIS | B5: Nombres | C5: DATE | D5: N° CLIENT | E5: N° BC | F5: NOM | G5: PRENOM | H5: VTC | I5: ORIGINE | J5: DATE DE LIVRAISON | K5: RDV METRAGE | L5: PIT | M5: TYPE DE TRAVAUX | N5: SURFACE | O5: LA DATE DU COMMISSION DES VTC | P5: MONTANT DOSSIER ANNULER | Q5: VALEUR TVA | R5: MONTANT TTC | S5: MONTANT TVA | T5: MONTANT HT | U5: 1er Acompte | W5: VERSEMENT A LA LIVRAISON | Y5: SOLDE FIN DE TRAVAUX | AA5: TOTAL PAYER | AB5: RESTE A VERSER | AC5: MONTANT DOSSIER POSE | AD5: DATE COURRIER ANNULATION | AE5: DATE COURRIER FACTURES | AF5: DATE COURRIER DIVERS | AG5: OBSERVATIONS
A6: JUILLET | B6: 1 | D6: PA0 | I6: RP / TM | L6: =C6+15 -> 15 | N6: 00m₂ | P6: 0 | Q6: 0.1 | R6: 0 | S6: =R6-T6 -> 0 | T6: =R6/1.1 -> 0 | U6: =R6*0.4 -> 0 | W6: =R6*0.5 -> 0 | Y6: =R6*0.1 -> 0 | AA6: 0 | AB6: =R6-AA6 -> 0 | AC6: 0
B7: 2 | D7: PA0 | I7: RP / TM | L7: =C7+15 -> 15 | N7: 00m₂ | P7: 0 | Q7: 0.1 | R7: 0 | S7: =R7-T7 -> 0 | T7: =R7/1.1 -> 0 | U7: =R7*0.4 -> 0 | W7: =R7*0.5 -> 0 | Y7: =R7*0.1 -> 0 | AA7: 0 | AB7: =R7-AA7 -> 0 | AC7: 0
B8: 3 | D8: PA0 | I8: RP / TM | L8: =C8+15 -> 15 | N8: 00m₂ | P8: 0 | Q8: 0.1 | R8: 0 | S8: =R8-T8 -> 0 | T8: =R8/1.1 -> 0 | U8: =R8*0.4 -> 0 | W8: =R8*0.5 -> 0 | Y8: =R8*0.1 -> 0 | AA8: 0 | AB8: =R8-AA8 -> 0 | AC8: 0
B9: 4 | D9: PA0 | I9: RP / TM | L9: =C9+15 -> 15 | N9: 00m₂ | P9: 0 | Q9: 0.1 | R9: 0 | S9: =R9-T9 -> 0 | T9: =R9/1.1 -> 0 | U9: =R9*0.4 -> 0 | W9: =R9*0.5 -> 0 | Y9: =R9*0.1 -> 0 | AA9: 0 | AB9: =R9-AA9 -> 0 | AC9: 0
B10: 5 | D10: PA0 | I10: RP / TM | L10: =C10+15 -> 15 | N10: 00m₂ | P10: 0 | Q10: 0.1 | R10: 0 | S10: =R10-T10 -> 0 | T10: =R10/1.1 -> 0 | U10: =R10*0.4 -> 0 | W10: =R10*0.5 -> 0 | Y10: =R10*0.1 -> 0 | AA10: 0 | AB10: =R10-AA10 -> 0 | AC10: 0
B11: 6 | D11: PA0 | I11: RP / TM | L11: =C11+15 -> 15 | N11: 00m₂ | P11: 0 | Q11: 0.1 | R11: 0 | S11: =R11-T11 -> 0 | T11: =R11/1.1 -> 0 | U11: =R11*0.4 -> 0 | W11: =R11*0.5 -> 0 | Y11: =R11*0.1 -> 0 | AA11: 0 | AB11: =R11-AA11 -> 0 | AC11: 0
B12: 7 | D12: PA0 | I12: RP / TM | L12: =C12+15 -> 15 | N12: 00m₂ | P12: 0 | Q12: 0.1 | R12: 0 | S12: =R12-T12 -> 0 | T12: =R12/1.1 -> 0 | U12: =R12*0.4 -> 0 | W12: =R12*0.5 -> 0 | Y12: =R12*0.1 -> 0 | AA12: 0 | AB12: =R12-AA12 -> 0 | AC12: 0
B13: 8 | D13: PA0 | I13: RP / TM | L13: =C13+15 -> 15 | N13: 00m₂ | P13: 0 | Q13: 0.1 | R13: 0 | S13: =R13-T13 -> 0 | T13: =R13/1.1 -> 0 | U13: =R13*0.4 -> 0 | W13: =R13*0.5 -> 0 | Y13: =R13*0.1 -> 0 | AA13: 0 | AB13: =R13-AA13 -> 0 | AC13: 0
B14: 9 | D14: PA0 | I14: RP / TM | L14: =C14+15 -> 15 | N14: 00m₂ | P14: 0 | Q14: 0.1 | R14: 0 | S14: =R14-T14 -> 0 | T14: =R14/1.1 -> 0 | U14: =R14*0.4 -> 0 | W14: =R14*0.5 -> 0 | Y14: =R14*0.1 -> 0 | AA14: 0 | AB14: =R14-AA14 -> 0 | AC14: 0
B15: 10 | D15: PA0 | I15: RP / TM | L15: =C15+15 -> 15 | N15: 00m₂ | P15: 0 | Q15: 0.1 | R15: 0 | S15: =R15-T15 -> 0 | T15: =R15/1.1 -> 0 | U15: =R15*0.4 -> 0 | W15: =R15*0.5 -> 0 | Y15: =R15*0.1 -> 0 | AA15: 0 | AB15: =R15-AA15 -> 0 | AC15: 0
B16: 11 | D16: PA0 | I16: RP / TM | L16: =C16+15 -> 15 | N16: 00m₂ | P16: 0 | Q16: 0.1 | R16: 0 | S16: =R16-T16 -> 0 | T16: =R16/1.1 -> 0 | U16: =R16*0.4 -> 0 | W16: =R16*0.5 -> 0 | Y16: =R16*0.1 -> 0 | AA16: 0 | AB16: =R16-AA16 -> 0 | AC16: 0
B17: 12 | D17: PA0 | I17: RP / TM | L17: =C17+15 -> 15 | N17: 00m₂ | P17: 0 | Q17: 0.1 | R17: 0 | S17: =R17-T17 -> 0 | T17: =R17/1.1 -> 0 | U17: =R17*0.4 -> 0 | W17: =R17*0.5 -> 0 | Y17: =R17*0.1 -> 0 | AA17: 0 | AB17: =R17-AA17 -> 0 | AC17: 0
B18: 13 | D18: PA0 | I18: RP / TM | L18: =C18+15 -> 15 | N18: 00m₂ | P18: 0 | Q18: 0.1 | R18: 0 | S18: =R18-T18 -> 0 | T18: =R18/1.1 -> 0 | U18: =R18*0.4 -> 0 | W18: =R18*0.5 -> 0 | Y18: =R18*0.1 -> 0 | AA18: 0 | AB18: =R18-AA18 -> 0 | AC18: 0
... B35: 30 | D35: PA0 | I35: RP / TM | L35: =C35+15 -> 15 | N35: 00m₂ | P35: 0 | Q35: 0.1 | R35: 0 | S35: =R35-T35 -> 0 | T35: =R35/1.1 -> 0 | U35: =R35*0.4 -> 0 | W35: =R35*0.5 -> 0 | Y35: =R35*0.1 -> 0 | AA35: 0 | AB35: =R35-AA35 -> 0 | AC35: 0
P36: =SUM(P6:P35) -> 0 | R36: =SUM(R6:R35) -> 0 | S36: =SUM(S6:S35) -> 0 | T36: =SUM(T6:T35) -> 0 | U36: =SUM(U6:U35) -> 0 | W36: =SUM(W6:W35) -> 0 | Y36: =SUM(Y6:Y35) -> 0 | AA36: =SUM(AA6:AA35) -> 0 | AB36: =SUM(AB6:AB35) -> 0 | AC36: =SUM(AC6:AC35) -> 0
B37: DOSSIER EN COURS | D37: 0 | E37: =R6+R7 -> 0 | G37: TOTAL AVEC ANNULATION | I37: =E41-E40 -> 0
B38: DOSSIER EN PAUSE | D38: 0 | E38: 0
B39: DOSSIER REALISES | D39: 0 | E39: =AC36 -> 0
B40: DOSSIER ANNULE | D40: 0 | E40: =P36 -> 0
B41: TOTAL | D41: =D37+D38+D39+D40 -> 0 | E41: =R36 -> 0
B43: MONTANT TVA | D43: =S36 -> 0
B45: TYPE DE TRAVAUX | D45: NOMBRE DE VENTES
B46: Peinture | D46: =COUNTIF(M6:M35,"Peinture") -> 0
B47: Electricité | D47: =COUNTIF(M6:M35,"Electricite") -> 0
B48: Stores | D48: =COUNTIF(M6:M35,"Store") -> 0
B49: Menuiserie | D49: =COUNTIF(M6:M35,"Menuiserie") -> 0
B50: Cabine de douche | D50: =COUNTIF(M10:M39,"douche") -> 0
B51: Plomberie | D51: =COUNTIF(M6:M35,"Plomberie") -> 0
B52: Maçonnerie | D52: =COUNTIF(M6:M35,"Maçonnerie") -> 0
B53: Fenêtres | D53: =COUNTIF(M6:M35,"fenetre") -> 0
B54: Volets | D54: =COUNTIF(M6:M35,"Volets") -> 0
B55: Alarme | D55: =COUNTIF(M6:M35,"Alarme") -> 0
B56: Revêtement de sol | D56: =COUNTIF(M6:M35,"sol") -> 0

Sheet Aout
A2: SUIVIE CLIENT 2016
A5: MOIS | B5: Nombres | C5: DATE | D5: N° CLIENT | E5: N° BC | F5: NOM | G5: PRENOM | H5: VTC | I5: ORIGINE | J5: DATE DE LIVRAISON | K5: RDV METRAGE | L5: PIT | M5: TYPE DE TRAVAUX | N5: SURFACE | O5: LA DATE DU COMMISSION DES VTC | P5: MONTANT DOSSIER ANNULER | Q5: VALEUR TVA | R5: MONTANT TTC | S5: MONTANT TVA | T5: MONTANT HT | U5: 1er Acompte | W5: VERSEMENT A LA LIVRAISON | Y5: SOLDE FIN DE TRAVAUX | AA5: TOTAL PAYER | AB5: RESTE A VERSER | AC5: MONTANT DOSSIER POSE | AD5: DATE COURRIER ANNULATION | AE5: DATE COURRIER FACTURES | AF5: DATE COURRIER DIVERS | AG5: OBSERVATIONS
A6: AOUT | B6: 1 | D6: PA0 | I6: RP / TM | L6: =C6+15 -> 15 | N6: 00m₂ | P6: 0 | Q6: 0.1 | R6: 0 | S6: =R6-T6 -> 0 | T6: =R6/1.1 -> 0 | U6: =R6*0.4 -> 0 | W6: =R6*0.5 -> 0 | Y6: =R6*0.1 -> 0 | AA6: 0 | AB6: =R6-AA6 -> 0 | AC6: 0
B7: 2 | D7: PA0 | I7: RP / TM | L7: =C7+15 -> 15 | N7: 00m₂ | P7: 0 | Q7: 0.1 | R7: 0 | S7: =R7-T7 -> 0 | T7: =R7/1.1 -> 0 | U7: =R7*0.4 -> 0 | W7: =R7*0.5 -> 0 | Y7: =R7*0.1 -> 0 | AA7: 0 | AB7: =R7-AA7 -> 0 | AC7: 0
B8: 3 | D8: PA0 | I8: RP / TM | L8: =C8+15 -> 15 | N8: 00m₂ | P8: 0 | Q8: 0.1 | R8: 0 | S8: =R8-T8 -> 0 | T8: =R8/1.1 -> 0 | U8: =R8*0.4 -> 0 | W8: =R8*0.5 -> 0 | Y8: =R8*0.1 -> 0 | AA8: 0 | AB8: =R8-AA8 -> 0 | AC8: 0
B9: 4 | D9: PA0 | I9: RP / TM | L9: =C9+15 -> 15 | N9: 00m₂ | P9: 0 | Q9: 0.1 | R9: 0 | S9: =R9-T9 -> 0 | T9: =R9/1.1 -> 0 | U9: =R9*0.4 -> 0 | W9: =R9*0.5 -> 0 | Y9: =R9*0.1 -> 0 | AA9: 0 | AB9: =R9-AA9 -> 0 | AC9: 0
B10: 5 | D10: PA0 | I10: RP / TM | L10: =C10+15 -> 15 | N10: 00m₂ | P10: 0 | Q10: 0.1 | R10: 0 | S10: =R10-T10 -> 0 | T10: =R10/1.1 -> 0 | U10: =R10*0.4 -> 0 | W10: =R10*0.5 -> 0 | Y10: =R10*0.1 -> 0 | AA10: 0 | AB10: =R10-AA10 -> 0 | AC10: 0
B11: 6 | D11: PA0 | I11: RP / TM | L11: =C11+15 -> 15 | N11: 00m₂ | P11: 0 | Q11: 0.1 | R11: 0 | S11: =R11-T11 -> 0 | T11: =R11/1.1 -> 0 | U11: =R11*0.4 -> 0 | W11: =R11*0.5 -> 0 | Y11: =R11*0.1 -> 0 | AA11: 0 | AB11: =R11-AA11 -> 0 | AC11: 0
B12: 7 | D12: PA0 | I12: RP / TM | L12: =C12+15 -> 15 | N12: 00m₂ | P12: 0 | Q12: 0.1 | R12: 0 | S12: =R12-T12 -> 0 | T12: =R12/1.1 -> 0 | U12: =R12*0.4 -> 0 | W12: =R12*0.5 -> 0 | Y12: =R12*0.1 -> 0 | AA12: 0 | AB12: =R12-AA12 -> 0 | AC12: 0
B13: 8 | D13: PA0 | I13: RP / TM | L13: =C13+15 -> 15 | N13: 00m₂ | P13: 0 | Q13: 0.1 | R13: 0 | S13: =R13-T13 -> 0 | T13: =R13/1.1 -> 0 | U13: =R13*0.4 -> 0 | W13: =R13*0.5 -> 0 | Y13: =R13*0.1 -> 0 | AA13: 0 | AB13: =R13-AA13 -> 0 | AC13: 0
B14: 9 | D14: PA0 | I14: RP / TM | L14: =C14+15 -> 15 | N14: 00m₂ | P14: 0 | Q14: 0.1 | R14: 0 | S14: =R14-T14 -> 0 | T14: =R14/1.1 -> 0 | U14: =R14*0.4 -> 0 | W14: =R14*0.5 -> 0 | Y14: =R14*0.1 -> 0 | AA14: 0 | AB14: =R14-AA14 -> 0 | AC14: 0
B15: 10 | D15: PA0 | I15: RP / TM | L15: =C15+15 -> 15 | N15: 00m₂ | P15: 0 | Q15: 0.1 | R15: 0 | S15: =R15-T15 -> 0 | T15: =R15/1.1 -> 0 | U15: =R15*0.4 -> 0 | W15: =R15*0.5 -> 0 | Y15: =R15*0.1 -> 0 | AA15: 0 | AB15: =R15-AA15 -> 0 | AC15: 0
B16: 11 | D16: PA0 | I16: RP / TM | L16: =C16+15 -> 15 | N16: 00m₂ | P16: 0 | Q16: 0.1 | R16: 0 | S16: =R16-T16 -> 0 | T16: =R16/1.1 -> 0 | U16: =R16*0.4 -> 0 | W16: =R16*0.5 -> 0 | Y16: =R16*0.1 -> 0 | AA16: 0 | AB16: =R16-AA16 -> 0 | AC16: 0
B17: 12 | D17: PA0 | I17: RP / TM | L17: =C17+15 -> 15 | N17: 00m₂ | P17: 0 | Q17: 0.1 | R17: 0 | S17: =R17-T17 -> 0 | T17: =R17/1.1 -> 0 | U17: =R17*0.4 -> 0 | W17: =R17*0.5 -> 0 | Y17: =R17*0.1 -> 0 | AA17: 0 | AB17: =R17-AA17 -> 0 | AC17: 0
B18: 13 | D18: PA0 | I18: RP / TM | L18: =C18+15 -> 15 | N18: 00m₂ | P18: 0 | Q18: 0.1 | R18: 0 | S18: =R18-T18 -> 0 | T18: =R18/1.1 -> 0 | U18: =R18*0.4 -> 0 | W18: =R18*0.5 -> 0 | Y18: =R18*0.1 -> 0 | AA18: 0 | AB18: =R18-AA18 -> 0 | AC18: 0
... B35: 30 | D35: PA0 | I35: RP / TM | L35: =C35+15 -> 15 | N35: 00m₂ | P35: 0 | Q35: 0.1 | R35: 0 | S35: =R35-T35 -> 0 | T35: =R35/1.1 -> 0 | U35: =R35*0.4 -> 0 | W35: =R35*0.5 -> 0 | Y35: =R35*0.1 -> 0 | AA35: 0 | AB35: =R35-AA35 -> 0 | AC35: 0
P36: =SUM(P6:P35) -> 0 | R36: =SUM(R6:R35) -> 0 | S36: =SUM(S6:S35) -> 0 | T36: =SUM(T6:T35) -> 0 | U36: =SUM(U6:U35) -> 0 | W36: =SUM(W6:W35) -> 0 | Y36: =SUM(Y6:Y35) -> 0 | AA36: =SUM(AA6:AA35) -> 0 | AB36: =SUM(AB6:AB35) -> 0 | AC36: =SUM(AC6:AC35) -> 0
B37: DOSSIER EN COURS | D37: 0 | E37: =R6+R7 -> 0 | G37: TOTAL AVEC ANNULATION | I37: =E41-E40 -> 0
B38: DOSSIER EN PAUSE | D38: 0 | E38: 0
B39: DOSSIER REALISES | D39: 0 | E39: =AC36 -> 0
B40: DOSSIER ANNULE | D40: 0 | E40: =P36 -> 0
B41: TOTAL | D41: =D37+D38+D39+D40 -> 0 | E41: =R36 -> 0
B43: MONTANT TVA | D43: =S36 -> 0
B45: TYPE DE TRAVAUX | D45: NOMBRE DE VENTES
B46: Peinture | D46: =COUNTIF(M6:M35,"Peinture") -> 0
B47: Electricité | D47: =COUNTIF(M6:M35,"Electricite") -> 0
B48: Stores | D48: =COUNTIF(M6:M35,"Store") -> 0
B49: Menuiserie | D49: =COUNTIF(M6:M35,"Menuiserie") -> 0
B50: Cabine de douche | D50: =COUNTIF(M10:M39,"douche") -> 0
B51: Plomberie | D51: =COUNTIF(M6:M35,"Plomberie") -> 0
B52: Maçonnerie | D52: =COUNTIF(M6:M35,"Maçonnerie") -> 0
B53: Fenêtres | D53: =COUNTIF(M6:M35,"fenetre") -> 0
B54: Volets | D54: =COUNTIF(M6:M35,"Volets") -> 0
B55: Alarme | D55: =COUNTIF(M6:M35,"Alarme") -> 0
B56: Revêtement de sol | D56: =COUNTIF(M6:M35,"sol") -> 0

Sheet Septembre
A2: SUIVIE CLIENT 2016
A5: MOIS | B5: Nombres | C5: DATE | D5: N° CLIENT | E5: N° BC | F5: NOM | G5: PRENOM | H5: VTC | I5: ORIGINE | J5: DATE DE LIVRAISON | K5: RDV METRAGE | L5: PIT | M5: TYPE DE TRAVAUX | N5: SURFACE | O5: LA DATE DU COMMISSION DES VTC | P5: MONTANT DOSSIER ANNULER | Q5: VALEUR TVA | R5: MONTANT TTC | S5: MONTANT TVA | T5: MONTANT HT | U5: 1er Acompte | W5: VERSEMENT A LA LIVRAISON | Y5: SOLDE FIN DE TRAVAUX | AA5: TOTAL PAYER | AB5: RESTE A VERSER | AC5: MONTANT DOSSIER POSE | AD5: DATE COURRIER ANNULATION | AE5: DATE COURRIER FACTURES | AF5: DATE COURRIER DIVERS | AG5: OBSERVATIONS
A6: SEPTEMBRE | B6: 1 | D6: PA0 | I6: RP / TM | L6: =C6+15 -> 15 | N6: 00m₂ | P6: 0 | Q6: 0.1 | R6: 0 | S6: =R6-T6 -> 0 | T6: =R6/1.1 -> 0 | U6: =R6*0.4 -> 0 | W6: =R6*0.5 -> 0 | Y6: =R6*0.1 -> 0 | AA6: 0 | AB6: =R6-AA6 -> 0 | AC6: 0
B7: 2 | D7: PA0 | I7: RP / TM | L7: =C7+15 -> 15 | N7: 00m₂ | P7: 0 | Q7: 0.1 | R7: 0 | S7: =R7-T7 -> 0 | T7: =R7/1.1 -> 0 | U7: =R7*0.4 -> 0 | W7: =R7*0.5 -> 0 | Y7: =R7*0.1 -> 0 | AA7: 0 | AB7: =R7-AA7 -> 0 | AC7: 0
B8: 3 | D8: PA0 | I8: RP / TM | L8: =C8+15 -> 15 | N8: 00m₂ | P8: 0 | Q8: 0.1 | R8: 0 | S8: =R8-T8 -> 0 | T8: =R8/1.1 -> 0 | U8: =R8*0.4 -> 0 | W8: =R8*0.5 -> 0 | Y8: =R8*0.1 -> 0 | AA8: 0 | AB8: =R8-AA8 -> 0 | AC8: 0
B9: 4 | D9: PA0 | I9: RP / TM | L9: =C9+15 -> 15 | N9: 00m₂ | P9: 0 | Q9: 0.1 | R9: 0 | S9: =R9-T9 -> 0 | T9: =R9/1.1 -> 0 | U9: =R9*0.4 -> 0 | W9: =R9*0.5 -> 0 | Y9: =R9*0.1 -> 0 | AA9: 0 | AB9: =R9-AA9 -> 0 | AC9: 0
B10: 5 | D10: PA0 | I10: RP / TM | L10: =C10+15 -> 15 | N10: 00m₂ | P10: 0 | Q10: 0.1 | R10: 0 | S10: =R10-T10 -> 0 | T10: =R10/1.1 -> 0 | U10: =R10*0.4 -> 0 | W10: =R10*0.5 -> 0 | Y10: =R10*0.1 -> 0 | AA10: 0 | AB10: =R10-AA10 -> 0 | AC10: 0
B11: 6 | D11: PA0 | I11: RP / TM | L11: =C11+15 -> 15 | N11: 00m₂ | P11: 0 | Q11: 0.1 | R11: 0 | S11: =R11-T11 -> 0 | T11: =R11/1.1 -> 0 | U11: =R11*0.4 -> 0 | W11: =R11*0.5 -> 0 | Y11: =R11*0.1 -> 0 | AA11: 0 | AB11: =R11-AA11 -> 0 | AC11: 0
B12: 7 | D12: PA0 | I12: RP / TM | L12: =C12+15 -> 15 | N12: 00m₂ | P12: 0 | Q12: 0.1 | R12: 0 | S12: =R12-T12 -> 0 | T12: =R12/1.1 -> 0 | U12: =R12*0.4 -> 0 | W12: =R12*0.5 -> 0 | Y12: =R12*0.1 -> 0 | AA12: 0 | AB12: =R12-AA12 -> 0 | AC12: 0
B13: 8 | D13: PA0 | I13: RP / TM | L13: =C13+15 -> 15 | N13: 00m₂ | P13: 0 | Q13: 0.1 | R13: 0 | S13: =R13-T13 -> 0 | T13: =R13/1.1 -> 0 | U13: =R13*0.4 -> 0 | W13: =R13*0.5 -> 0 | Y13: =R13*0.1 -> 0 | AA13: 0 | AB13: =R13-AA13 -> 0 | AC13: 0
B14: 9 | D14: PA0 | I14: RP / TM | L14: =C14+15 -> 15 | N14: 00m₂ | P14: 0 | Q14: 0.1 | R14: 0 | S14: =R14-T14 -> 0 | T14: =R14/1.1 -> 0 | U14: =R14*0.4 -> 0 | W14: =R14*0.5 -> 0 | Y14: =R14*0.1 -> 0 | AA14: 0 | AB14: =R14-AA14 -> 0 | AC14: 0
B15: 10 | D15: PA0 | I15: RP / TM | L15: =C15+15 -> 15 | N15: 00m₂ | P15: 0 | Q15: 0.1 | R15: 0 | S15: =R15-T15 -> 0 | T15: =R15/1.1 -> 0 | U15: =R15*0.4 -> 0 | W15: =R15*0.5 -> 0 | Y15: =R15*0.1 -> 0 | AA15: 0 | AB15: =R15-AA15 -> 0 | AC15: 0
B16: 11 | D16: PA0 | I16: RP / TM | L16: =C16+15 -> 15 | N16: 00m₂ | P16: 0 | Q16: 0.1 | R16: 0 | S16: =R16-T16 -> 0 | T16: =R16/1.1 -> 0 | U16: =R16*0.4 -> 0 | W16: =R16*0.5 -> 0 | Y16: =R16*0.1 -> 0 | AA16: 0 | AB16: =R16-AA16 -> 0 | AC16: 0
B17: 12 | D17: PA0 | I17: RP / TM | L17: =C17+15 -> 15 | N17: 00m₂ | P17: 0 | Q17: 0.1 | R17: 0 | S17: =R17-T17 -> 0 | T17: =R17/1.1 -> 0 | U17: =R17*0.4 -> 0 | W17: =R17*0.5 -> 0 | Y17: =R17*0.1 -> 0 | AA17: 0 | AB17: =R17-AA17 -> 0 | AC17: 0
B18: 13 | D18: PA0 | I18: RP / TM | L18: =C18+15 -> 15 | N18: 00m₂ | P18: 0 | Q18: 0.1 | R18: 0 | S18: =R18-T18 -> 0 | T18: =R18/1.1 -> 0 | U18: =R18*0.4 -> 0 | W18: =R18*0.5 -> 0 | Y18: =R18*0.1 -> 0 | AA18: 0 | AB18: =R18-AA18 -> 0 | AC18: 0
... B35: 30 | D35: PA0 | I35: RP / TM | L35: =C35+15 -> 15 | N35: 00m₂ | P35: 0 | Q35: 0.1 | R35: 0 | S35: =R35-T35 -> 0 | T35: =R35/1.1 -> 0 | U35: =R35*0.4 -> 0 | W35: =R35*0.5 -> 0 | Y35: =R35*0.1 -> 0 | AA35: 0 | AB35: =R35-AA35 -> 0 | AC35: 0
P36: =SUM(P6:P35) -> 0 | R36: =SUM(R6:R35) -> 0 | S36: =SUM(S6:S35) -> 0 | T36: =SUM(T6:T35) -> 0 | U36: =SUM(U6:U35) -> 0 | W36: =SUM(W6:W35) -> 0 | Y36: =SUM(Y6:Y35) -> 0 | AA36: =SUM(AA6:AA35) -> 0 | AB36: =SUM(AB6:AB35) -> 0 | AC36: =SUM(AC6:AC35) -> 0
B37: DOSSIER EN COURS | D37: 0 | E37: =R6+R7 -> 0 | G37: TOTAL AVEC ANNULATION | I37: =E41-E40 -> 0
B38: DOSSIER EN PAUSE | D38: 0 | E38: 0
B39: DOSSIER REALISES | D39: 0 | E39: =AC36 -> 0
B40: DOSSIER ANNULE | D40: 0 | E40: =P36 -> 0
B41: TOTAL | D41: =D37+D38+D39+D40 -> 0 | E41: =R36 -> 0
B43: MONTANT TVA | D43: =S36 -> 0
B45: TYPE DE TRAVAUX | D45: NOMBRE DE VENTES
B46: Peinture | D46: =COUNTIF(M6:M35,"Peinture") -> 0
B47: Electricité | D47: =COUNTIF(M6:M35,"Electricite") -> 0
B48: Stores | D48: =COUNTIF(M6:M35,"Store") -> 0
B49: Menuiserie | D49: =COUNTIF(M6:M35,"Menuiserie") -> 0
B50: Cabine de douche | D50: =COUNTIF(M10:M39,"douche") -> 0
B51: Plomberie | D51: =COUNTIF(M6:M35,"Plomberie") -> 0
B52: Maçonnerie | D52: =COUNTIF(M6:M35,"Maçonnerie") -> 0
B53: Fenêtres | D53: =COUNTIF(M6:M35,"fenetre") -> 0 | H53: SEPTEMBRE
B54: Volets | D54: =COUNTIF(M6:M35,"Volets") -> 0
B55: Alarme | D55: =COUNTIF(M6:M35,"Alarme") -> 0
B56: Revêtement de sol | D56: =COUNTIF(M6:M35,"sol") -> 0

Sheet Octobre
A2: SUIVIE CLIENT 2016
A5: MOIS | B5: Nombres | C5: DATE | D5: N° CLIENT | E5: N° BC | F5: NOM | G5: PRENOM | H5: VTC | I5: ORIGINE | J5: DATE DE LIVRAISON | K5: RDV METRAGE | L5: PIT | M5: TYPE DE TRAVAUX | N5: SURFACE | O5: LA DATE DU COMMISSION DES VTC | P5: MONTANT DOSSIER ANNULER | Q5: VALEUR TVA | R5: MONTANT TTC | S5: MONTANT TVA | T5: MONTANT HT | U5: 1er Acompte | W5: VERSEMENT A LA LIVRAISON | Y5: SOLDE FIN DE TRAVAUX | AA5: TOTAL PAYER | AB5: RESTE A VERSER | AC5: MONTANT DOSSIER POSE | AD5: DATE COURRIER ANNULATION | AE5: DATE COURRIER FACTURES | AF5: DATE COURRIER DIVERS | AG5: OBSERVATIONS
A6: OCTOBRE | B6: 1 | D6: PA0 | I6: RP / TM | L6: =C6+15 -> 15 | N6: 00m₂ | P6: 0 | Q6: 0.1 | R6: 0 | S6: =R6-T6 -> 0 | T6: =R6/1.1 -> 0 | U6: =R6*0.4 -> 0 | W6: =R6*0.5 -> 0 | Y6: =R6*0.1 -> 0 | AA6: 0 | AB6: =R6-AA6 -> 0 | AC6: 0
B7: 2 | D7: PA0 | I7: RP / TM | L7: =C7+15 -> 15 | N7: 00m₂ | P7: 0 | Q7: 0.1 | R7: 0 | S7: =R7-T7 -> 0 | T7: =R7/1.1 -> 0 | U7: =R7*0.4 -> 0 | W7: =R7*0.5 -> 0 | Y7: =R7*0.1 -> 0 | AA7: 0 | AB7: =R7-AA7 -> 0 | AC7: 0
B8: 3 | D8: PA0 | I8: RP / TM | L8: =C8+15 -> 15 | N8: 00m₂ | P8: 0 | Q8: 0.1 | R8: 0 | S8: =R8-T8 -> 0 | T8: =R8/1.1 -> 0 | U8: =R8*0.4 -> 0 | W8: =R8*0.5 -> 0 | Y8: =R8*0.1 -> 0 | AA8: 0 | AB8: =R8-AA8 -> 0 | AC8: 0
B9: 4 | D9: PA0 | I9: RP / TM | L9: =C9+15 -> 15 | N9: 00m₂ | P9: 0 | Q9: 0.1 | R9: 0 | S9: =R9-T9 -> 0 | T9: =R9/1.1 -> 0 | U9: =R9*0.4 -> 0 | W9: =R9*0.5 -> 0 | Y9: =R9*0.1 -> 0 | AA9: 0 | AB9: =R9-AA9 -> 0 | AC9: 0
B10: 5 | D10: PA0 | I10: RP / TM | L10: =C10+15 -> 15 | N10: 00m₂ | P10: 0 | Q10: 0.1 | R10: 0 | S10: =R10-T10 -> 0 | T10: =R10/1.1 -> 0 | U10: =R10*0.4 -> 0 | W10: =R10*0.5 -> 0 | Y10: =R10*0.1 -> 0 | AA10: 0 | AB10: =R10-AA10 -> 0 | AC10: 0
B11: 6 | D11: PA0 | I11: RP / TM | L11: =C11+15 -> 15 | N11: 00m₂ | P11: 0 | Q11: 0.1 | R11: 0 | S11: =R11-T11 -> 0 | T11: =R11/1.1 -> 0 | U11: =R11*0.4 -> 0 | W11: =R11*0.5 -> 0 | Y11: =R11*0.1 -> 0 | AA11: 0 | AB11: =R11-AA11 -> 0 | AC11: 0
B12: 7 | D12: PA0 | I12: RP / TM | L12: =C12+15 -> 15 | N12: 00m₂ | P12: 0 | Q12: 0.1 | R12: 0 | S12: =R12-T12 -> 0 | T12: =R12/1.1 -> 0 | U12: =R12*0.4 -> 0 | W12: =R12*0.5 -> 0 | Y12: =R12*0.1 -> 0 | AA12: 0 | AB12: =R12-AA12 -> 0 | AC12: 0
B13: 8 | D13: PA0 | I13: RP / TM | L13: =C13+15 -> 15 | N13: 00m₂ | P13: 0 | Q13: 0.1 | R13: 0 | S13: =R13-T13 -> 0 | T13: =R13/1.1 -> 0 | U13: =R13*0.4 -> 0 | W13: =R13*0.5 -> 0 | Y13: =R13*0.1 -> 0 | AA13: 0 | AB13: =R13-AA13 -> 0 | AC13: 0
B14: 9 | D14: PA0 | I14: RP / TM | L14: =C14+15 -> 15 | N14: 00m₂ | P14: 0 | Q14: 0.1 | R14: 0 | S14: =R14-T14 -> 0 | T14: =R14/1.1 -> 0 | U14: =R14*0.4 -> 0 | W14: =R14*0.5 -> 0 | Y14: =R14*0.1 -> 0 | AA14: 0 | AB14: =R14-AA14 -> 0 | AC14: 0
B15: 10 | D15: PA0 | I15: RP / TM | L15: =C15+15 -> 15 | N15: 00m₂ | P15: 0 | Q15: 0.1 | R15: 0 | S15: =R15-T15 -> 0 | T15: =R15/1.1 -> 0 | U15: =R15*0.4 -> 0 | W15: =R15*0.5 -> 0 | Y15: =R15*0.1 -> 0 | AA15: 0 | AB15: =R15-AA15 -> 0 | AC15: 0
B16: 11 | D16: PA0 | I16: RP / TM | L16: =C16+15 -> 15 | N16: 00m₂ | P16: 0 | Q16: 0.1 | R16: 0 | S16: =R16-T16 -> 0 | T16: =R16/1.1 -> 0 | U16: =R16*0.4 -> 0 | W16: =R16*0.5 -> 0 | Y16: =R16*0.1 -> 0 | AA16: 0 | AB16: =R16-AA16 -> 0 | AC16: 0
B17: 12 | D17: PA0 | I17: RP / TM | L17: =C17+15 -> 15 | N17: 00m₂ | P17: 0 | Q17: 0.1 | R17: 0 | S17: =R17-T17 -> 0 | T17: =R17/1.1 -> 0 | U17: =R17*0.4 -> 0 | W17: =R17*0.5 -> 0 | Y17: =R17*0.1 -> 0 | AA17: 0 | AB17: =R17-AA17 -> 0 | AC17: 0
B18: 13 | D18: PA0 | I18: RP / TM | L18: =C18+15 -> 15 | N18: 00m₂ | P18: 0 | Q18: 0.1 | R18: 0 | S18: =R18-T18 -> 0 | T18: =R18/1.1 -> 0 | U18: =R18*0.4 -> 0 | W18: =R18*0.5 -> 0 | Y18: =R18*0.1 -> 0 | AA18: 0 | AB18: =R18-AA18 -> 0 | AC18: 0
... B35: 30 | D35: PA0 | I35: RP / TM | L35: =C35+15 -> 15 | N35: 00m₂ | P35: 0 | Q35: 0.1 | R35: 0 | S35: =R35-T35 -> 0 | T35: =R35/1.1 -> 0 | U35: =R35*0.4 -> 0 | W35: =R35*0.5 -> 0 | Y35: =R35*0.1 -> 0 | AA35: 0 | AB35: =R35-AA35 -> 0 | AC35: 0
P36: =SUM(P6:P35) -> 0 | R36: =SUM(R6:R35) -> 0 | S36: =SUM(S6:S35) -> 0 | T36: =SUM(T6:T35) -> 0 | U36: =SUM(U6:U35) -> 0 | W36: =SUM(W6:W35) -> 0 | Y36: =SUM(Y6:Y35) -> 0 | AA36: =SUM(AA6:AA35) -> 0 | AB36: =SUM(AB6:AB35) -> 0 | AC36: =SUM(AC6:AC35) -> 0
B37: DOSSIER EN COURS | D37: 0 | E37: =R6+R7 -> 0 | G37: TOTAL AVEC ANNULATION | I37: =E41-E40 -> 0
B38: DOSSIER EN PAUSE | D38: 0 | E38: 0
B39: DOSSIER REALISES | D39: 0 | E39: =AC36 -> 0
B40: DOSSIER ANNULE | D40: 0 | E40: =P36 -> 0
B41: TOTAL | D41: =D37+D38+D39+D40 -> 0 | E41: =R36 -> 0
B43: MONTANT TVA | D43: =S36 -> 0
B45: TYPE DE TRAVAUX | D45: NOMBRE DE VENTES
B46: Peinture | D46: =COUNTIF(M6:M35,"Peinture") -> 0
B47: Electricité | D47: =COUNTIF(M6:M35,"Electricite") -> 0
B48: Stores | D48: =COUNTIF(M6:M35,"Store") -> 0
B49: Menuiserie | D49: =COUNTIF(M6:M35,"Menuiserie") -> 0
B50: Cabine de douche | D50: =COUNTIF(M10:M39,"douche") -> 0
B51: Plomberie | D51: =COUNTIF(M6:M35,"Plomberie") -> 0
B52: Maçonnerie | D52: =COUNTIF(M6:M35,"Maçonnerie") -> 0
B53: Fenêtres | D53: =COUNTIF(M6:M35,"fenetre") -> 0
B54: Volets | D54: =COUNTIF(M6:M35,"Volets") -> 0
B55: Alarme | D55: =COUNTIF(M6:M35,"Alarme") -> 0
B56: Revêtement de sol | D56: =COUNTIF(M6:M35,"sol") -> 0

Sheet Novembre
A2: SUIVIE CLIENT 2016
A5: MOIS | B5: Nombres | C5: DATE | D5: N° CLIENT | E5: N° BC | F5: NOM | G5: PRENOM | H5: VTC | I5: ORIGINE | J5: DATE DE LIVRAISON | K5: RDV METRAGE | L5: PIT | M5: TYPE DE TRAVAUX | N5: SURFACE | O5: LA DATE DU COMMISSION DES VTC | P5: MONTANT DOSSIER ANNULER | Q5: VALEUR TVA | R5: MONTANT TTC | S5: MONTANT TVA | T5: MONTANT HT | U5: 1er Acompte | W5: VERSEMENT A LA LIVRAISON | Y5: SOLDE FIN DE TRAVAUX | AA5: TOTAL PAYER | AB5: RESTE A VERSER | AC5: MONTANT DOSSIER POSE | AD5: DATE COURRIER ANNULATION | AE5: DATE COURRIER FACTURES | AF5: DATE COURRIER DIVERS | AG5: OBSERVATIONS
A6: JUIN | B6: 1 | D6: PA0 | I6: RP / TM | L6: =C6+15 -> 15 | N6: 00m₂ | P6: 0 | Q6: 0.1 | R6: 0 | S6: =R6-T6 -> 0 | T6: =R6/1.1 -> 0 | U6: =R6*0.4 -> 0 | W6: =R6*0.5 -> 0 | Y6: =R6*0.1 -> 0 | AA6: 0 | AB6: =R6-AA6 -> 0 | AC6: 0
B7: 2 | D7: PA0 | I7: RP / TM | L7: =C7+15 -> 15 | N7: 00m₂ | P7: 0 | Q7: 0.1 | R7: 0 | S7: =R7-T7 -> 0 | T7: =R7/1.1 -> 0 | U7: =R7*0.4 -> 0 | W7: =R7*0.5 -> 0 | Y7: =R7*0.1 -> 0 | AA7: 0 | AB7: =R7-AA7 -> 0 | AC7: 0
B8: 3 | D8: PA0 | I8: RP / TM | L8: =C8+15 -> 15 | N8: 00m₂ | P8: 0 | Q8: 0.1 | R8: 0 | S8: =R8-T8 -> 0 | T8: =R8/1.1 -> 0 | U8: =R8*0.4 -> 0 | W8: =R8*0.5 -> 0 | Y8: =R8*0.1 -> 0 | AA8: 0 | AB8: =R8-AA8 -> 0 | AC8: 0
B9: 4 | D9: PA0 | I9: RP / TM | L9: =C9+15 -> 15 | N9: 00m₂ | P9: 0 | Q9: 0.1 | R9: 0 | S9: =R9-T9 -> 0 | T9: =R9/1.1 -> 0 | U9: =R9*0.4 -> 0 | W9: =R9*0.5 -> 0 | Y9: =R9*0.1 -> 0 | AA9: 0 | AB9: =R9-AA9 -> 0 | AC9: 0
B10: 5 | D10: PA0 | I10: RP / TM | L10: =C10+15 -> 15 | N10: 00m₂ | P10: 0 | Q10: 0.1 | R10: 0 | S10: =R10-T10 -> 0 | T10: =R10/1.1 -> 0 | U10: =R10*0.4 -> 0 | W10: =R10*0.5 -> 0 | Y10: =R10*0.1 -> 0 | AA10: 0 | AB10: =R10-AA10 -> 0 | AC10: 0
B11: 6 | D11: PA0 | I11: RP / TM | L11: =C11+15 -> 15 | N11: 00m₂ | P11: 0 | Q11: 0.1 | R11: 0 | S11: =R11-T11 -> 0 | T11: =R11/1.1 -> 0 | U11: =R11*0.4 -> 0 | W11: =R11*0.5 -> 0 | Y11: =R11*0.1 -> 0 | AA11: 0 | AB11: =R11-AA11 -> 0 | AC11: 0
B12: 7 | D12: PA0 | I12: RP / TM | L12: =C12+15 -> 15 | N12: 00m₂ | P12: 0 | Q12: 0.1 | R12: 0 | S12: =R12-T12 -> 0 | T12: =R12/1.1 -> 0 | U12: =R12*0.4 -> 0 | W12: =R12*0.5 -> 0 | Y12: =R12*0.1 -> 0 | AA12: 0 | AB12: =R12-AA12 -> 0 | AC12: 0
B13: 8 | D13: PA0 | I13: RP / TM | L13: =C13+15 -> 15 | N13: 00m₂ | P13: 0 | Q13: 0.1 | R13: 0 | S13: =R13-T13 -> 0 | T13: =R13/1.1 -> 0 | U13: =R13*0.4 -> 0 | W13: =R13*0.5 -> 0 | Y13: =R13*0.1 -> 0 | AA13: 0 | AB13: =R13-AA13 -> 0 | AC13: 0
B14: 9 | D14: PA0 | I14: RP / TM | L14: =C14+15 -> 15 | N14: 00m₂ | P14: 0 | Q14: 0.1 | R14: 0 | S14: =R14-T14 -> 0 | T14: =R14/1.1 -> 0 | U14: =R14*0.4 -> 0 | W14: =R14*0.5 -> 0 | Y14: =R14*0.1 -> 0 | AA14: 0 | AB14: =R14-AA14 -> 0 | AC14: 0
B15: 10 | D15: PA0 | I15: RP / TM | L15: =C15+15 -> 15 | N15: 00m₂ | P15: 0 | Q15: 0.1 | R15: 0 | S15: =R15-T15 -> 0 | T15: =R15/1.1 -> 0 | U15: =R15*0.4 -> 0 | W15: =R15*0.5 -> 0 | Y15: =R15*0.1 -> 0 | AA15: 0 | AB15: =R15-AA15 -> 0 | AC15: 0
B16: 11 | D16: PA0 | I16: RP / TM | L16: =C16+15 -> 15 | N16: 00m₂ | P16: 0 | Q16: 0.1 | R16: 0 | S16: =R16-T16 -> 0 | T16: =R16/1.1 -> 0 | U16: =R16*0.4 -> 0 | W16: =R16*0.5 -> 0 | Y16: =R16*0.1 -> 0 | AA16: 0 | AB16: =R16-AA16 -> 0 | AC16: 0
B17: 12 | D17: PA0 | I17: RP / TM | L17: =C17+15 -> 15 | N17: 00m₂ | P17: 0 | Q17: 0.1 | R17: 0 | S17: =R17-T17 -> 0 | T17: =R17/1.1 -> 0 | U17: =R17*0.4 -> 0 | W17: =R17*0.5 -> 0 | Y17: =R17*0.1 -> 0 | AA17: 0 | AB17: =R17-AA17 -> 0 | AC17: 0
B18: 13 | D18: PA0 | I18: RP / TM | L18: =C18+15 -> 15 | N18: 00m₂ | P18: 0 | Q18: 0.1 | R18: 0 | S18: =R18-T18 -> 0 | T18: =R18/1.1 -> 0 | U18: =R18*0.4 -> 0 | W18: =R18*0.5 -> 0 | Y18: =R18*0.1 -> 0 | AA18: 0 | AB18: =R18-AA18 -> 0 | AC18: 0
... B35: 30 | D35: PA0 | I35: RP / TM | L35: =C35+15 -> 15 | N35: 00m₂ | P35: 0 | Q35: 0.1 | R35: 0 | S35: =R35-T35 -> 0 | T35: =R35/1.1 -> 0 | U35: =R35*0.4 -> 0 | W35: =R35*0.5 -> 0 | Y35: =R35*0.1 -> 0 | AA35: 0 | AB35: =R35-AA35 -> 0 | AC35: 0
P36: =SUM(P6:P35) -> 0 | R36: =SUM(R6:R35) -> 0 | S36: =SUM(S6:S35) -> 0 | T36: =SUM(T6:T35) -> 0 | U36: =SUM(U6:U35) -> 0 | W36: =SUM(W6:W35) -> 0 | Y36: =SUM(Y6:Y35) -> 0 | AA36: =SUM(AA6:AA35) -> 0 | AB36: =SUM(AB6:AB35) -> 0 | AC36: =SUM(AC6:AC35) -> 0
B37: DOSSIER EN COURS | D37: 0 | E37: =R6+R7 -> 0 | G37: TOTAL AVEC ANNULATION | I37: =E41-E40 -> 0
B38: DOSSIER EN PAUSE | D38: 0 | E38: 0
B39: DOSSIER REALISES | D39: 0 | E39: =AC36 -> 0
B40: DOSSIER ANNULE | D40: 0 | E40: =P36 -> 0
B41: TOTAL | D41: =D37+D38+D39+D40 -> 0 | E41: =R36 -> 0
B43: MONTANT TVA | D43: =S36 -> 0
B45: TYPE DE TRAVAUX | D45: NOMBRE DE VENTES
B46: Peinture | D46: =COUNTIF(M6:M35,"Peinture") -> 0
B47: Electricité | D47: =COUNTIF(M6:M35,"Electricite") -> 0
B48: Stores | D48: =COUNTIF(M6:M35,"Store") -> 0
B49: Menuiserie | D49: =COUNTIF(M6:M35,"Menuiserie") -> 0
B50: Cabine de douche | D50: =COUNTIF(M10:M39,"douche") -> 0
B51: Plomberie | D51: =COUNTIF(M6:M35,"Plomberie") -> 0
B52: Maçonnerie | D52: =COUNTIF(M6:M35,"Maçonnerie") -> 0
B53: Fenêtres | D53: =COUNTIF(M6:M35,"fenetre") -> 0
B54: Volets | D54: =COUNTIF(M6:M35,"Volets") -> 0
B55: Alarme | D55: =COUNTIF(M6:M35,"Alarme") -> 0 | G55: NOVEMBRE
B56: Revêtement de sol | D56: =COUNTIF(M6:M35,"sol") -> 0

Sheet Décembre
A2: SUIVIE CLIENT 2016
A5: MOIS | B5: Nombres | C5: DATE | D5: N° CLIENT | E5: N° BC | F5: NOM | G5: PRENOM | H5: VTC | I5: ORIGINE | J5: DATE DE LIVRAISON | K5: RDV METRAGE | L5: PIT | M5: TYPE DE TRAVAUX | N5: SURFACE | O5: LA DATE DU COMMISSION DES VTC | P5: MONTANT DOSSIER ANNULER | Q5: VALEUR TVA | R5: MONTANT TTC | S5: MONTANT TVA | T5: MONTANT HT | U5: 1er Acompte | W5: VERSEMENT A LA LIVRAISON | Y5: SOLDE FIN DE TRAVAUX | AA5: TOTAL PAYER | AB5: RESTE A VERSER | AC5: MONTANT DOSSIER POSE | AD5: DATE COURRIER ANNULATION | AE5: DATE COURRIER FACTURES | AF5: DATE COURRIER DIVERS | AG5: OBSERVATIONS
A6: JUIN | B6: 1 | D6: PA0 | I6: RP / TM | L6: =C6+15 -> 15 | N6: 00m₂ | P6: 0 | Q6: 0.1 | R6: 0 | S6: =R6-T6 -> 0 | T6: =R6/1.1 -> 0 | U6: =R6*0.4 -> 0 | W6: =R6*0.5 -> 0 | Y6: =R6*0.1 -> 0 | AA6: 0 | AB6: =R6-AA6 -> 0 | AC6: 0
B7: 2 | D7: PA0 | I7: RP / TM | L7: =C7+15 -> 15 | N7: 00m₂ | P7: 0 | Q7: 0.1 | R7: 0 | S7: =R7-T7 -> 0 | T7: =R7/1.1 -> 0 | U7: =R7*0.4 -> 0 | W7: =R7*0.5 -> 0 | Y7: =R7*0.1 -> 0 | AA7: 0 | AB7: =R7-AA7 -> 0 | AC7: 0
B8: 3 | D8: PA0 | I8: RP / TM | L8: =C8+15 -> 15 | N8: 00m₂ | P8: 0 | Q8: 0.1 | R8: 0 | S8: =R8-T8 -> 0 | T8: =R8/1.1 -> 0 | U8: =R8*0.4 -> 0 | W8: =R8*0.5 -> 0 | Y8: =R8*0.1 -> 0 | AA8: 0 | AB8: =R8-AA8 -> 0 | AC8: 0
B9: 4 | D9: PA0 | I9: RP / TM | L9: =C9+15 -> 15 | N9: 00m₂ | P9: 0 | Q9: 0.1 | R9: 0 | S9: =R9-T9 -> 0 | T9: =R9/1.1 -> 0 | U9: =R9*0.4 -> 0 | W9: =R9*0.5 -> 0 | Y9: =R9*0.1 -> 0 | AA9: 0 | AB9: =R9-AA9 -> 0 | AC9: 0
B10: 5 | D10: PA0 | I10: RP / TM | L10: =C10+15 -> 15 | N10: 00m₂ | P10: 0 | Q10: 0.1 | R10: 0 | S10: =R10-T10 -> 0 | T10: =R10/1.1 -> 0 | U10: =R10*0.4 -> 0 | W10: =R10*0.5 -> 0 | Y10: =R10*0.1 -> 0 | AA10: 0 | AB10: =R10-AA10 -> 0 | AC10: 0
B11: 6 | D11: PA0 | I11: RP / TM | L11: =C11+15 -> 15 | N11: 00m₂ | P11: 0 | Q11: 0.1 | R11: 0 | S11: =R11-T11 -> 0 | T11: =R11/1.1 -> 0 | U11: =R11*0.4 -> 0 | W11: =R11*0.5 -> 0 | Y11: =R11*0.1 -> 0 | AA11: 0 | AB11: =R11-AA11 -> 0 | AC11: 0
B12: 7 | D12: PA0 | I12: RP / TM | L12: =C12+15 -> 15 | N12: 00m₂ | P12: 0 | Q12: 0.1 | R12: 0 | S12: =R12-T12 -> 0 | T12: =R12/1.1 -> 0 | U12: =R12*0.4 -> 0 | W12: =R12*0.5 -> 0 | Y12: =R12*0.1 -> 0 | AA12: 0 | AB12: =R12-AA12 -> 0 | AC12: 0
B13: 8 | D13: PA0 | I13: RP / TM | L13: =C13+15 -> 15 | N13: 00m₂ | P13: 0 | Q13: 0.1 | R13: 0 | S13: =R13-T13 -> 0 | T13: =R13/1.1 -> 0 | U13: =R13*0.4 -> 0 | W13: =R13*0.5 -> 0 | Y13: =R13*0.1 -> 0 | AA13: 0 | AB13: =R13-AA13 -> 0 | AC13: 0
B14: 9 | D14: PA0 | I14: RP / TM | L14: =C14+15 -> 15 | N14: 00m₂ | P14: 0 | Q14: 0.1 | R14: 0 | S14: =R14-T14 -> 0 | T14: =R14/1.1 -> 0 | U14: =R14*0.4 -> 0 | W14: =R14*0.5 -> 0 | Y14: =R14*0.1 -> 0 | AA14: 0 | AB14: =R14-AA14 -> 0 | AC14: 0
B15: 10 | D15: PA0 | I15: RP / TM | L15: =C15+15 -> 15 | N15: 00m₂ | P15: 0 | Q15: 0.1 | R15: 0 | S15: =R15-T15 -> 0 | T15: =R15/1.1 -> 0 | U15: =R15*0.4 -> 0 | W15: =R15*0.5 -> 0 | Y15: =R15*0.1 -> 0 | AA15: 0 | AB15: =R15-AA15 -> 0 | AC15: 0
B16: 11 | D16: PA0 | I16: RP / TM | L16: =C16+15 -> 15 | N16: 00m₂ | P16: 0 | Q16: 0.1 | R16: 0 | S16: =R16-T16 -> 0 | T16: =R16/1.1 -> 0 | U16: =R16*0.4 -> 0 | W16: =R16*0.5 -> 0 | Y16: =R16*0.1 -> 0 | AA16: 0 | AB16: =R16-AA16 -> 0 | AC16: 0
B17: 12 | D17: PA0 | I17: RP / TM | L17: =C17+15 -> 15 | N17: 00m₂ | P17: 0 | Q17: 0.1 | R17: 0 | S17: =R17-T17 -> 0 | T17: =R17/1.1 -> 0 | U17: =R17*0.4 -> 0 | W17: =R17*0.5 -> 0 | Y17: =R17*0.1 -> 0 | AA17: 0 | AB17: =R17-AA17 -> 0 | AC17: 0
B18: 13 | D18: PA0 | I18: RP / TM | L18: =C18+15 -> 15 | N18: 00m₂ | P18: 0 | Q18: 0.1 | R18: 0 | S18: =R18-T18 -> 0 | T18: =R18/1.1 -> 0 | U18: =R18*0.4 -> 0 | W18: =R18*0.5 -> 0 | Y18: =R18*0.1 -> 0 | AA18: 0 | AB18: =R18-AA18 -> 0 | AC18: 0
... B35: 30 | D35: PA0 | I35: RP / TM | L35: =C35+15 -> 15 | N35: 00m₂ | P35: 0 | Q35: 0.1 | R35: 0 | S35: =R35-T35 -> 0 | T35: =R35/1.1 -> 0 | U35: =R35*0.4 -> 0 | W35: =R35*0.5 -> 0 | Y35: =R35*0.1 -> 0 | AA35: 0 | AB35: =R35-AA35 -> 0 | AC35: 0
P36: =SUM(P6:P35) -> 0 | R36: =SUM(R6:R35) -> 0 | S36: =SUM(S6:S35) -> 0 | T36: =SUM(T6:T35) -> 0 | U36: =SUM(U6:U35) -> 0 | W36: =SUM(W6:W35) -> 0 | Y36: =SUM(Y6:Y35) -> 0 | AA36: =SUM(AA6:AA35) -> 0 | AB36: =SUM(AB6:AB35) -> 0 | AC36: =SUM(AC6:AC35) -> 0
B37: DOSSIER EN COURS | D37: 0 | E37: =R6+R7 -> 0 | G37: TOTAL AVEC ANNULATION | I37: =E41-E40 -> 0
B38: DOSSIER EN PAUSE | D38: 0 | E38: 0
B39: DOSSIER REALISES | D39: 0 | E39: =AC36 -> 0
B40: DOSSIER ANNULE | D40: 0 | E40: =P36 -> 0
B41: TOTAL | D41: =D37+D38+D39+D40 -> 0 | E41: =R36 -> 0
B43: MONTANT TVA | D43: =S36 -> 0
B45: TYPE DE TRAVAUX | D45: NOMBRE DE VENTES
B46: Peinture | D46: =COUNTIF(M6:M35,"Peinture") -> 0
B47: Electricité | D47: =COUNTIF(M6:M35,"Electricite") -> 0
B48: Stores | D48: =COUNTIF(M6:M35,"Store") -> 0
B49: Menuiserie | D49: =COUNTIF(M6:M35,"Menuiserie") -> 0
B50: Cabine de douche | D50: =COUNTIF(M10:M39,"douche") -> 0
B51: Plomberie | D51: =COUNTIF(M6:M35,"Plomberie") -> 0
B52: Maçonnerie | D52: =COUNTIF(M6:M35,"Maçonnerie") -> 0
B53: Fenêtres | D53: =COUNTIF(M6:M35,"fenetre") -> 0
B54: Volets | D54: =COUNTIF(M6:M35,"Volets") -> 0
B55: Alarme | D55: =COUNTIF(M6:M35,"Alarme") -> 0 | J55: DECEMBRE
B56: Revêtement de sol | D56: =COUNTIF(M6:M35,"sol") -> 0

Sheet Année 2016
B1: BILAN 2016
C4: DOSSIER EN COURS | E4: DOSSIER EN PAUSE | G4: DOSSIER REALISES | I4: DOSSIER ANNULE
B5: JANVIER | C5: =Janvier!D37 -> 0 | D5: =Janvier!E37 -> 0 | E5: =Janvier!D38 -> 0 | F5: =Janvier!E38 -> 0 | G5: ='Année 2016'!D39 -> 0 | H5: =Janvier!E39 -> 0 | I5: =Janvier!D40 -> 0 | J5: ='Année 2016'!E40 -> 0
B6: FÉVRIER | D6: 0 | F6: 0 | H6: =AB3 -> 0 | J6: =T1 -> 0
B7: MARS | D7: 0 | F7: 0 | H7: =AB4 -> 0 | J7: =T3 -> 0
B8: AVRIL | D8: 0 | F8: 0 | H8: =AB5 -> 0 | J8: =T4 -> 0
B9: MAI | D9: 0 | F9: 0 | H9: =AB6 -> 0 | J9: =T5 -> 0
B10: JUIN | D10: 0 | F10: 0 | H10: =AB7 -> 0 | J10: =T6 -> 0
B11: JUILLET | D11: 0 | F11: 0 | H11: =AB8 -> 0 | J11: =T7 -> 0
B12: AOÛT | D12: 0 | F12: 0 | H12: =AB9 -> 0 | J12: =T8 -> 0
B13: SEPTEMBRE | D13: 0 | F13: 0 | H13: =AB10 -> 0 | J13: =T9 -> 0
B14: OCTOBRE | D14: 0 | F14: 0 | H14: =AB11 -> 0 | J14: =T10 -> 0
B15: NOVEMBRE | D15: 0 | F15: 0 | H15: =AB12 -> 0 | J15: =T11 -> 0
B16: DÉCEMBRE | D16: 0 | F16: 0 | H16: =AB13 -> 0 | J16: =T12 -> 0
B17: TOTAL | C17: =SUM(C5:C16) -> 0 | D17: =SUM(D5:D16) -> 0 | E17: =SUM(E5:E16) -> 0 | F17: =SUM(F5:F16) -> 0 | G17: =SUM(G5:G16) -> 0 | H17: =SUM(H5:H16) -> 0 | I17: =SUM(I5:I16) -> 0 | J17: =SUM(J5:J16) -> 0
B20: TYPE DE TRAVAUX | D20: NOMBRE DE VENTES | F20: TOTAL ANNEE 2016 | I20: =D17+F17+H17+J17 -> 0
B21: Peinture
B22: Electricité | F22: NOMBRES TOTAL DE DOSSSIER 2016 | I22: =C17+E17+G17+I17 -> 0
B23: Stores
B24: Menuiserie
B25: Cabine de douche
B26: Plomberie
B27: Maçonnerie | F27: TOTAL TVA
B28: Fenêtres
B29: Volets
B30: Alarme
B31: Revêtement de sol
